Workbook

Sheet Table 01 IPA DE
A1: Table 1: Differential Expression Analysis results for the IPA assay. The number of differentially expression proteins for the tested contrast between different tissue locations or between good and poor (P) responders based on OS or DFS events within different segments. Limma-voom ebayes pipeline used with a significance cutoff based on the adjusted p-value of ≤ 0.05 using the Benjamini Hochberg procedure. DE analysis statistics for differentially expressed genes for each contrast are listed below.
B2: 580 | C2: markers
C3: Segments (between Tissues)
C4: Tumour | F4: TME
C5: Lip vs Tongue | D5: OC vs Tongue | E5: Pharynx vs Tongue | F5: Lip vs Tongue | G5: OC vs Tongue | H5: Pharynx vs Tongue
B6: Down | C6: 72 | D6: 9 | E6: 52 | F6: 52 | G6: 20 | H6: 92
B7: Up | C7: 51 | D7: 5 | E7: 68 | F7: 43 | G7: 3 | H7: 95
B8: Total | C8: =SUM(C7,C6) -> 123 | D8: =SUM(D7,D6) -> 14 | E8: =SUM(E7,E6) -> 120 | F8: =SUM(F7,F6) -> 95 | G8: =SUM(G7,G6) -> 23 | H8: =SUM(H7,H6) -> 187
C10: DFS (within Segment) | E10: OS (within Segment)
C11: GvP_TME | D11: GvP_Tumour | E11: GvP_TME | F11: GvP_Tumour
B12: Down | C12: 0 | D12: 0 | E12: 0 | F12: 114
B13: Up | C13: 0 | D13: 0 | E13: 1 | F13: 118
B14: Total | C14: =SUM(C13,C12) -> 0 | D14: =SUM(D13,D12) -> 0 | E14: =SUM(E13,E12) -> 1 | F14: =SUM(F13,F12) -> 232
C16: DFS (within Location) | F16: OS (within Location)
C17: GvP_OC | D17: GvP_Pharynx | E17: GvP_Tongue | F17: GvP_Lip | G17: GvP_OC | H17: GvP_Pharynx | I17: GvP_Tongue
B18: Down | C18: 17 | D18: 0 | E18: 0 | F18: 0 | G18: 67 | H18: 33 | I18: 46
B19: Up | C19: 0 | D19: 2 | E19: 0 | F19: 1 | G19: 60 | H19: 18 | I19: 126
B20: Total | C20: =SUM(C19,C18) -> 17 | D20: =SUM(D19,D18) -> 2 | E20: =SUM(E19,E18) -> 0 | F20: =SUM(F19,F18) -> 1 | G20: =SUM(G19,G18) -> 127 | H20: =SUM(H19,H18) -> 51 | I20: =SUM(I19,I18) -> 172
A23: Contrast | B23: ensembl_gene_id | C23: entrezgene_id | D23: external_gene_name | E23: synonyms | F23: description | G23: type_of_gene | H23: chromosome | I23: length | J23: logFC | K23: AveExpr | L23: t | M23: P.Value | N23: adj.P.Val | O23: B | P23: genename
A24: LipVsTongue(Tumour) | B24: ENSG00000107159 | C24: 768 | D24: CA9 | E24: CAIX|MN | F24: carbonic anhydrase 9 | G24: protein-coding | H24: 9 | I24: 7232 | J24: -1.5073688 | K24: 9.3889057 | L24: -7.0216059 | M24: 1.1839142e-10 | N24: 6.8667021e-08 | O24: 13.882148 | P24: Carbonic Anhydrase 9/CA9
A25: LipVsTongue(Tumour) | B25: ENSG00000137154 | C25: 6194 | D25: RPS6 | E25: S6|eS6 | F25: ribosomal protein S6 | G25: protein-coding | H25: 9 | I25: 4522 | J25: 1.4892039 | K25: 8.3433365 | L25: 5.7007282 | M25: 7.9379984e-08 | N25: 2.3020195e-05 | O25: 7.712717 | P25: RPS6 (phospho S240 + S244)
A26: LipVsTongue(Tumour) | B26: ENSG00000137154 | C26: 6194 | D26: RPS6 | E26: S6|eS6 | F26: ribosomal protein S6 | G26: protein-coding | H26: 9 | I26: 4522 | J26: 1.8076559 | K26: 10.340003 | L26: 5.6089155 | M26: 1.2163062e-07 | N26: 2.3515254e-05 | O26: 7.3323059 | P26: RPS6 (phospho S235 + S236)
A27: LipVsTongue(Tumour) | B27: ENSG00000049768 | C27: 50943 | D27: FOXP3 | E27: AIID|DIETER|IPEX|JM2|PIDX|XPID | F27: forkhead box P3 | G27: protein-coding | H27: X | I27: 14363 | J27: -0.29567655 | K27: 6.6725069 | L27: -5.3258173 | M27: 4.4144427e-07 | N27: 5.6543759e-05 | O27: 6.0164865 | P27: FOXP3
A28: LipVsTongue(Tumour) | B28: ENSG00000149925 | C28: 226 | D28: ALDOA | E28: ALDA|GSD12|HEL-S-87p | F28: aldolase, fructose-bisphosphate A | G28: protein-coding | H28: 16 | I28: 6294 | J28: -0.4888738 | K28: 9.3434126 | L28: -5.3037442 | M28: 4.874462e-07 | N28: 5.6543759e-05 | O28: 6.0359818 | P28: Aldolase
A29: LipVsTongue(Tumour) | B29: ENSG00000119888 | C29: 4072 | D29: EPCAM | E29: Ber-Ep4|BerEp4|DIAR5|EGP-2|EGP314|EGP40|ESA|HNPCC8|KS1/4|KSA|LYNCH8|M4S1|MIC18|MK-1|MOC-31|TACSTD1|TROP1 | F29: epithelial cell adhesion molecule | G29: protein-coding | H29: 2 | I29: 42444 | J29: -0.96410584 | K29: 6.9328319 | L29: -5.1902682 | M29: 8.1013255e-07 | N29: 7.5212332e-05 | O29: 5.4439365 | P29: EpCAM
A30: LipVsTongue(Tumour) | B30: ENSG00000197943 | C30: 5336 | D30: PLCG2 | E30: APLAID|FCAS3|PLC-IV|PLC-gamma-2 | F30: phospholipase C gamma 2 | G30: protein-coding | H30: 16 | I30: 183407 | J30: -0.59131534 | K30: 10.858068 | L30: -5.164053 | M30: 9.0773505e-07 | N30: 7.5212332e-05 | O30: 5.448175 | P30: PLCG 2
A31: LipVsTongue(Tumour) | B31: ENSG00000104332 | C31: 6422 | D31: SFRP1 | E31: FRP|FRP-1|FRP1|FrzA|SARP2 | F31: secreted frizzled related protein 1 | G31: protein-coding | H31: 8 | I31: 47512 | J31: 0.56284756 | K31: 7.5158677 | L31: 4.7339326 | M31: 5.7896414e-06 | N31: 0.000419749 | O31: 3.5882939 | P31: SFRP1
A32: LipVsTongue(Tumour) | B32: ENSG00000115523 | C32: 10578 | D32: GNLY | E32: D2S69E|LAG-2|LAG2|NKG5|TLA519 | F32: granulysin | G32: protein-coding | H32: 2 | I32: 13678 | J32: 0.45766765 | K32: 7.6665999 | L32: 4.6294122 | M32: 8.9279803e-06 | N32: 0.00057535873 | O32: 3.1880319 | P32: GNLY/Granulysin
A33: LipVsTongue(Tumour) | B33: ENSG00000196154 | C33: 6275 | D33: S100A4 | E33: 18A2|42A|CAPL|FSP1|MTS1|P9KA|PEL98 | F33: S100 calcium binding protein A4 | G33: protein-coding | H33: 1 | I33: 6524 | J33: 0.88630553 | K33: 10.140534 | L33: 4.5425727 | M33: 1.2769439e-05 | N33: 0.00065464945 | O33: 3.0095174 | P33: S100A4
A34: LipVsTongue(Tumour) | B34: ENSG00000123908 | C34: 27161 | D34: AGO2 | E34: CASC7|EIF2C2|LESKRES|LINC00980|PPD|Q10 | F34: argonaute RISC catalytic component 2 | G34: protein-coding | H34: 8 | I34: 115478 | J34: -0.42674756 | K34: 7.7815859 | L34: -4.519731 | M34: 1.3995189e-05 | N34: 0.00065464945 | O34: 2.789152 | P34: Argonaute-2
A35: LipVsTongue(Tumour) | B35: ENSG00000171345 | C35: 3880 | D35: KRT19 | E35: CK19|K19|K1CS | F35: keratin 19 | G35: protein-coding | H35: 17 | I35: 4692 | J35: -1.7894101 | K35: 9.4969214 | L35: -4.5084729 | M35: 1.467014e-05 | N35: 0.00065464945 | O35: 2.8206092 | P35: Cytokeratin 19
A36: LipVsTongue(Tumour) | B36: ENSG00000106462 | C36: 2146 | D36: EZH2 | E36: ENX-1|ENX1|EZH2b|KMT6|KMT6A|WVS|WVS2 | F36: enhancer of zeste 2 polycomb repressive complex 2 subunit | G36: protein-coding | H36: 7 | I36: 77065 | J36: 0.64538137 | K36: 8.9082088 | L36: 4.5084219 | M36: 1.4673177e-05 | N36: 0.00065464945 | O36: 2.8060123 | P36: KMT6/EZH2 (phospho T487)
A37: LipVsTongue(Tumour) | B37: ENSG00000139687 | C37: 5925 | D37: RB1 | E37: OSRC|PPP1R130|RB|p105-Rb|p110-RB1|pRb|pp110 | F37: RB transcriptional corepressor 1 | G37: protein-coding | H37: 13 | I37: 295693 | J37: 0.46443797 | K37: 7.7245981 | L37: 4.4865319 | M37: 1.6015764e-05 | N37: 0.00066351021 | O37: 2.6412081 | P37: Rb (phospho T356)
A38: LipVsTongue(Tumour) | B38: ENSG00000100031 | C38: 2678 | D38: GGT1 | E38: CD224|D22S672|D22S732|GGT|GGT 1|GGTD|GTG | F38: gamma-glutamyltransferase 1 | G38: protein-coding | H38: 22 | I38: 34195 | J38: 0.32307194 | K38: 8.5099209 | L38: 4.4613515 | M38: 1.7728026e-05 | N38: 0.00068548366 | O38: 2.6090544 | P38: GGT1/GGT
A39: LipVsTongue(Tumour) | B39: ENSG00000026508 | C39: 960 | D39: CD44 | E39: CDW44|CSPG8|ECM-III|ECMR-III|H-CAM|HCELL|HUTCH-1|HUTCH-I|Hermes-1|IN|LHR|MC56|MDU2|MDU3|MIC4|Pgp1 | F39: CD44 molecule (IN blood group) | G39: protein-coding | H39: 11 | I39: 93521 | J39: 0.44115046 | K39: 9.0827884 | L39: 4.353412 | M39: 2.730358e-05 | N39: 0.00095094082 | O39: 2.2479192 | P39: CD44
... A41: LipVsTongue(Tumour) | B41: ENSG00000125398 | C41: 6662 | D41: SOX9 | E41: CMD1|CMPD1|SRA1|SRXX2|SRXY10 | F41: SRY-box transcription factor 9 | G41: protein-coding | H41: 17 | I41: 5397 | J41: -0.68621966 | K41: 7.8585351 | L41: -4.3034878 | M41: 3.3300362e-05 | N41: 0.0010730117 | O41: 1.9627325 | P41: SOX9
A42: LipVsTongue(Tumour) | B42: ENSG00000165197 | C42: 2277 | D42: VEGFD | E42: FIGF|VEGF-D | F42: vascular endothelial growth factor D | G42: protein-coding | H42: X | I42: 38818 | J42: -0.98245671 | K42: 10.411045 | L42: -4.2676628 | M42: 3.8331056e-05 | N42: 0.0011600052 | O42: 2.0091575 | P42: VEGFD
A43: LipVsTongue(Tumour) | B43: ENSG00000143799 | C43: 142 | D43: PARP1 | E43: ADPRT|ADPRT 1|ADPRT1|ARTD1|PARP|PARP-1|PARS|PPOL|Poly-PARP|pADPRT-1 | F43: poly(ADP-ribose) polymerase 1 | G43: protein-coding | H43: 1 | I43: 47945 | J43: 0.34090726 | K43: 8.6535932 | L43: 4.2564869 | M43: 4.000018e-05 | N43: 0.0011600052 | O43: 1.8565036 | P43: PARP1
A44: LipVsTongue(Tumour) | B44: ENSG00000134545 | C44: 3821 | D44: KLRC1 | E44: CD159A|NKG2|NKG2A | F44: killer cell lectin like receptor C1 | G44: protein-coding | H44: 12 | I44: 12422 | J44: 0.38589194 | K44: 7.8198651 | L44: 4.2370797 | M44: 4.3149039e-05 | N44: 0.0011917354 | O44: 1.7150849 | P44: NKG2A + NKG2E + NKG2C
A45: LipVsTongue(Tumour) | B45: ENSG00000083457 | C45: 3682 | D45: ITGAE | E45: CD103|HUMINAE | F45: integrin subunit alpha E | G45: protein-coding | H45: 17 | I45: 86561 | J45: 0.49642491 | K45: 8.3430049 | L45: 4.1932323 | M45: 5.1181083e-05 | N45: 0.0013493195 | O45: 1.6011801 | P45: CD103
A46: LipVsTongue(Tumour) | B46: ENSG00000113580 | C46: 2908 | D46: NR3C1 | E46: GCCR|GCR|GCRST|GR|GRL | F46: nuclear receptor subfamily 3 group C member 1 | G46: protein-coding | H46: 5 | I46: 157582 | J46: 0.85970994 | K46: 10.138742 | L46: 4.1662218 | M46: 5.6848768e-05 | N46: 0.0014335776 | O46: 1.629403 | P46: Glucocorticoid Receptor (phospho S226)
A47: LipVsTongue(Tumour) | B47: ENSG00000136872 | C47: 229 | D47: ALDOB | E47: ALDB|ALDO2 | F47: aldolase, fructose-bisphosphate B | G47: protein-coding | H47: 9 | I47: 29105 | J47: -0.62132071 | K47: 9.0050027 | L47: -4.131262 | M47: 6.5024002e-05 | N47: 0.0015714134 | O47: 1.4487605 | P47: Aldolase B+Aldolase C
A48: LipVsTongue(Tumour) | B48: ENSG00000102755 | C48: 2321 | D48: FLT1 | E48: FLT|FLT-1|VEGFR-1|VEGFR1 | F48: fms related receptor tyrosine kinase 1 | G48: protein-coding | H48: 13 | I48: 194800 | J48: -0.65428521 | K48: 11.4416 | L48: -4.0678262 | M48: 8.2737171e-05 | N48: 0.0019150855 | O48: 1.3364686 | P48: VEGF Receptor 1
A49: LipVsTongue(Tumour) | B49: ENSG00000160683 | C49: 643 | D49: CXCR5 | E49: BLR1|CD185|MDR15 | F49: C-X-C motif chemokine receptor 5 | G49: protein-coding | H49: 11 | I49: 13896 | J49: 0.30784043 | K49: 8.5932697 | L49: 4.0580868 | M49: 8.5848661e-05 | N49: 0.0019150855 | O49: 1.1467409 | P49: CXCR5
A50: LipVsTongue(Tumour) | B50: ENSG00000118785 | C50: 6696 | D50: SPP1 | E50: BNSP|BSPI|ETA-1|OPN | F50: secreted phosphoprotein 1 | G50: protein-coding | H50: 4 | I50: 7866 | J50: -0.58959179 | K50: 7.4206659 | L50: -4.0480754 | M50: 8.9246498e-05 | N50: 0.001917147 | O50: 1.0160057 | P50: Osteopontin
A51: LipVsTongue(Tumour) | B51: ENSG00000005893 | C51: 3920 | D51: LAMP2 | E51: CD107b|DND|LAMP-2|LAMPB|LGP-96|LGP110 | F51: lysosomal associated membrane protein 2 | G51: protein-coding | H51: X | I51: 43218 | J51: -0.65490415 | K51: 7.9674792 | L51: -4.037386 | M51: 9.2923347e-05 | N51: 0.0019248408 | O51: 1.0285628 | P51: LAMP2A
A52: LipVsTongue(Tumour) | B52: ENSG00000168811 | C52: 3592 | D52: IL12A | E52: CLMF|IL-12A|NFSK|NKSF1|P35 | F52: interleukin 12A | G52: protein-coding | H52: 3 | I52: 7185 | J52: -0.39849178 | K52: 10.63728 | L52: -4.0194433 | M52: 9.9332538e-05 | N52: 0.0019616077 | O52: 1.1457602 | P52: IL-12A
A53: LipVsTongue(Tumour) | B53: ENSG00000164690 | C53: 6469 | D53: SHH | E53: HHG1|HLP3|HPE3|MCOPCB5|SMMCI|ShhNC|TPT|TPTPS | F53: sonic hedgehog signaling molecule | G53: protein-coding | H53: 7 | I53: 12484 | J53: -0.985609 | K53: 10.016022 | L53: -4.0061113 | M53: 0.00010453079 | N53: 0.0019616077 | O53: 1.0772148 | P53: Sonic Hedgehog
A54: LipVsTongue(Tumour) | B54: ENSG00000168610 | C54: 6774 | D54: STAT3 | E54: ADMIO|ADMIO1|APRF|HIES | F54: signal transducer and activator of transcription 3 | G54: protein-coding | H54: 17 | I54: 75217 | J54: 0.42677309 | K54: 8.3133418 | L54: 4.005074 | M54: 0.00010484455 | N54: 0.0019616077 | O54: 0.92668444 | P54: STAT3 (phospho Y705)
A55: LipVsTongue(Tumour) | B55: ENSG00000170421 | C55: 3856 | D55: KRT8 | E55: CARD2|CK-8|CK8|CYK8|K2C8|K8|KO | F55: keratin 8 | G55: protein-coding | H55: 12 | I55: 52768 | J55: -1.0887975 | K55: 10.547384 | L55: -3.9336659 | M55: 0.00013696746 | N55: 0.0024825352 | O55: 0.83416839 | P55: Cytokeratin 8
A56: LipVsTongue(Tumour) | B56: ENSG00000023445 | C56: 330 | D56: BIRC3 | E56: AIP1|API2|CIAP2|HAIP1|HIAP1|IAP-1|MALT2|MIHC|RNF49|c-IAP2 | F56: baculoviral IAP repeat containing 3 | G56: protein-coding | H56: 11 | I56: 21920 | J56: -0.46308256 | K56: 9.449935 | L56: -3.9084582 | M56: 0.00015023016 | N56: 0.0025559548 | O56: 0.70928556 | P56: cIAP2
A57: LipVsTongue(Tumour) | B57: ENSG00000128271 | C57: 135 | D57: ADORA2A | E57: A2aR|ADORA2|RDC8 | F57: adenosine A2a receptor | G57: protein-coding | H57: 22 | I57: 24479 | J57: -0.59190744 | K57: 10.825215 | L57: -3.9074339 | M57: 0.0001507993 | N57: 0.0025559548 | O57: 0.77643841 | P57: Adenosine Receptor A2a
A58: LipVsTongue(Tumour) | B58: ENSG00000165025 | C58: 6850 | D58: SYK | E58: IMD82|p72-Syk | F58: spleen associated tyrosine kinase | G58: protein-coding | H58: 9 | I58: 96763 | J58: 0.35508283 | K58: 8.045007 | L58: 3.9013211 | M58: 0.00015423865 | N58: 0.0025559548 | O58: 0.54343259 | P58: Syk
A59: LipVsTongue(Tumour) | B59: ENSG00000171105 | C59: 3643 | D59: INSR | E59: CD220|HHF5 | F59: insulin receptor | G59: protein-coding | H59: 19 | I59: 182160 | J59: -0.36913218 | K59: 10.830742 | L59: -3.8622702 | M59: 0.00017803736 | N59: 0.0028683798 | O59: 0.62672 | P59: Insulin Receptor alpha
A60: LipVsTongue(Tumour) | B60: ENSG00000126353 | C60: 1236 | D60: CCR7 | E60: BLR2|CC-CKR-7|CCR-7|CD197|CDw197|CMKBR7|EBI1 | F60: C-C motif chemokine receptor 7 | G60: protein-coding | H60: 17 | I60: 11704 | J60: -0.22571578 | K60: 6.8142635 | L60: -3.8536765 | M60: 0.00018372456 | N60: 0.0028800066 | O60: 0.30611249 | P60: CCR7
A61: LipVsTongue(Tumour) | B61: ENSG00000198851 | C61: 916 | D61: CD3E | E61: CD3epsilon|IMD18|T3E|TCRE | F61: CD3 epsilon subunit of T-cell receptor complex | G61: protein-coding | H61: 11 | I61: 11446 | J61: 0.76832307 | K61: 9.2701605 | L61: 3.8413868 | M61: 0.00019230762 | N61: 0.0029352215 | O61: 0.46779603 | P61: CD3 epsilon
A62: LipVsTongue(Tumour) | B62: ENSG00000082701 | C62: 2932 | D62: GSK3B | E62: - | F62: glycogen synthase kinase 3 beta | G62: protein-coding | H62: 3 | I62: 273674 | J62: -0.32923319 | K62: 8.1909814 | L62: -3.7870011 | M62: 0.00023410236 | N62: 0.0034815223 | O62: 0.18621663 | P62: GSK3 beta
A63: LipVsTongue(Tumour) | B63: ENSG00000067560 | C63: 387 | D63: RHOA | E63: ARH12|ARHA|EDFAOB|RHO12|RHOH12 | F63: ras homolog family member A | G63: protein-coding | H63: 3 | I63: 53860 | J63: -0.22325303 | K63: 7.8355069 | L63: -3.7343319 | M63: 0.00028290298 | N63: 0.0041020932 | O63: -0.027575396 | P63: Rho
... A68: LipVsTongue(Tumour) | B68: ENSG00000140443 | C68: 3480 | D68: IGF1R | E68: CD221|IGFIR|IGFR|JTK13 | F68: insulin like growth factor 1 receptor | G68: protein-coding | H68: 15 | I68: 315992 | J68: -0.67242143 | K68: 9.5992771 | L68: -3.5839384 | M68: 0.0004811436 | N68: 0.0061251373 | O68: -0.36221712 | P68: IGF1 Receptor
A69: LipVsTongue(Tumour) | B69: ENSG00000147168 | C69: 3561 | D69: IL2RG | E69: CD132|CIDX|IL-2RG|IMD4|P64|SCIDX|SCIDX1 | F69: interleukin 2 receptor subunit gamma | G69: protein-coding | H69: X | I69: 4705 | J69: 0.24106423 | K69: 8.4478206 | L69: 3.581 | M69: 0.00048578675 | N69: 0.0061251373 | O69: -0.47102161 | P69: IL-2RG
A70: LipVsTongue(Tumour) | B70: ENSG00000107796 | C70: 59 | D70: ACTA2 | E70: ACTSA|SMDYS | F70: actin alpha 2, smooth muscle | G70: protein-coding | H70: 10 | I70: 56266 | J70: -1.3487811 | K70: 13.706514 | L70: -3.5673499 | M70: 0.00050965261 | N70: 0.0061624746 | O70: -0.26308682 | P70: alpha smooth muscle Actin
A71: LipVsTongue(Tumour) | B71: ENSG00000204388 | C71: 3304 | D71: HSPA1B | E71: HSP70-1|HSP70-1B|HSP70-2|HSP70.1|HSP70.2|HSP72|HSPA1|HSX70 | F71: heat shock protein family A (Hsp70) member 1B | G71: protein-coding | H71: 6 | I71: 2517 | J71: -0.65099881 | K71: 8.5726541 | L71: -3.5671544 | M71: 0.0005099979 | N71: 0.0061624746 | O71: -0.52131874 | P71: Hsp70
A72: LipVsTongue(Tumour) | B72: ENSG00000111640 | C72: 2597 | D72: GAPDH | E72: G3PD|GAPD|HEL-S-162eP | F72: glyceraldehyde-3-phosphate dehydrogenase | G72: protein-coding | H72: 12 | I72: 3863 | J72: -0.7204141 | K72: 13.884352 | L72: -3.547065 | M72: 0.00054635991 | N72: 0.0064314732 | O72: -0.32929444 | P72: GAPDH
A73: LipVsTongue(Tumour) | B73: ENSG00000051180 | C73: 5888 | D73: RAD51 | E73: BRCC5|FANCR|HRAD51|HsRad51|HsT16930|MRMV2|RAD51A|RECA | F73: RAD51 recombinase | G73: protein-coding | H73: 15 | I73: 37567 | J73: -0.23498481 | K73: 7.4100478 | L73: -3.5428107 | M73: 0.00055443734 | N73: 0.0064314732 | O73: -0.69281162 | P73: Rad51
A74: LipVsTongue(Tumour) | B74: ENSG00000072274 | C74: 7037 | D74: TFRC | E74: CD71|IMD46|T9|TFR|TFR1|TR|TRFR|p90 | F74: transferrin receptor | G74: protein-coding | H74: 3 | I74: 69643 | J74: -1.1088965 | K74: 9.3499085 | L74: -3.5275787 | M74: 0.00058462659 | N74: 0.0066486945 | O74: -0.55383321 | P74: Transferrin Receptor
A75: LipVsTongue(Tumour) | B75: ENSG00000118260 | C75: 1385 | D75: CREB1 | E75: CREB|CREB-1 | F75: cAMP responsive element binding protein 1 | G75: protein-coding | H75: 2 | I75: 76252 | J75: -0.43955126 | K75: 12.274492 | L75: -3.5059515 | M75: 0.00062928699 | N75: 0.0070189703 | O75: -0.44552349 | P75: CREB
A76: LipVsTongue(Tumour) | B76: ENSG00000133110 | C76: 10631 | D76: POSTN | E76: OSF-2|OSF2|PDLPOSTN|PN | F76: periostin | G76: protein-coding | H76: 13 | I76: 36262 | J76: -1.2401172 | K76: 8.6080215 | L76: -3.4240302 | M76: 0.00083147392 | N76: 0.0090991485 | O76: -0.93749819 | P76: Periostin
A77: LipVsTongue(Tumour) | B77: ENSG00000228716 | C77: 1719 | D77: DHFR | E77: DHFR1|DHFRP1|DYR | F77: dihydrofolate reductase | G77: protein-coding | H77: 5 | I77: 28758 | J77: 0.53310889 | K77: 8.9153727 | L77: 3.4086798 | M77: 0.00087548959 | N77: 0.0093830814 | O77: -0.97056169 | P77: Dihydrofolate reductase (DHFR)
A78: LipVsTongue(Tumour) | B78: ENSG00000184292 | C78: 4070 | D78: TACSTD2 | E78: EGP-1|EGP1|GA733-1|GA7331|GP50|M1S1|TROP2 | F78: tumor associated calcium signal transducer 2 | G78: protein-coding | H78: 1 | I78: 1820 | J78: -0.99063408 | K78: 7.9050431 | L78: -3.4038531 | M78: 0.00088977496 | N78: 0.0093830814 | O78: -1.0978575 | P78: TROP2
A79: LipVsTongue(Tumour) | B79: ENSG00000126561 | C79: 6776 | D79: STAT5A | E79: MGF|STAT5 | F79: signal transducer and activator of transcription 5A | G79: protein-coding | H79: 17 | I79: 24397 | J79: 0.41795868 | K79: 8.6598609 | L79: 3.3956643 | M79: 0.00091419808 | N79: 0.0094684801 | O79: -1.0385252 | P79: STAT5 (phospho Y694)
A80: LipVsTongue(Tumour) | B80: ENSG00000170323 | C80: 2167 | D80: FABP4 | E80: A-FABP|AFABP|ALBP|HEL-S-104|aP2 | F80: fatty acid binding protein 4 | G80: protein-coding | H80: 8 | I80: 4818 | J80: -1.0401106 | K80: 9.4015675 | L80: -3.3890514 | M80: 0.00093495886 | N80: 0.0095136165 | O80: -0.97547297 | P80: FABP4
A81: LipVsTongue(Tumour) | B81: ENSG00000135318 | C81: 4907 | D81: NT5E | E81: CALJA|CD73|E5NT|NT|NT5|NTE|eN|eNT | F81: 5'-nucleotidase ecto | G81: protein-coding | H81: 6 | I81: 46208 | J81: 0.30997009 | K81: 8.6184535 | L81: 3.3789051 | M81: 0.00096668608 | N81: 0.0096668608 | O81: -1.0767663 | P81: CD73
... A98: LipVsTongue(Tumour) | B98: ENSG00000287080 | C98: 8352 | D98: H3C3 | E98: H3.1|H3/c|H3C1|H3C10|H3C11|H3C12|H3C2|H3C4|H3C6|H3C7|H3C8|H3FC|HIST1H3C | F98: H3 clustered histone 3 | G98: protein-coding | H98: 6 | I98: 486 | J98: 0.79351533 | K98: 9.9337374 | L98: 3.2182956 | M98: 0.0016372744 | N98: 0.012661589 | O98: -1.4359965 | P98: Histone H3 (acetyl K9)
A99: LipVsTongue(Tumour) | B99: ENSG00000156709 | C99: 9131 | D99: AIFM1 | E99: AIF|AUNX1|CMT2D|CMTX4|COWCK|COXPD6|DFNX5|NADMR|NAMSD|PDCD8|SEMDHL | F99: apoptosis inducing factor mitochondria associated 1 | G99: protein-coding | H99: X | I99: 41214 | J99: -0.76266129 | K99: 11.363102 | L99: -3.2012944 | M99: 0.0017292441 | N99: 0.013196863 | O99: -1.3646542 | P99: AIF
A100: LipVsTongue(Tumour) | B100: ENSG00000126561 | C100: 6776 | D100: STAT5A | E100: MGF|STAT5 | F100: signal transducer and activator of transcription 5A | G100: protein-coding | H100: 17 | I100: 24397 | J100: 0.74164772 | K100: 9.858315 | L100: 3.150689 | M100: 0.0020322275 | N100: 0.015307688 | O100: -1.6210134 | P100: STAT5a
A101: LipVsTongue(Tumour) | B101: ENSG00000183735 | C101: 29110 | D101: TBK1 | E101: FTDALS4|IIAE8|NAK|T2K | F101: TANK binding kinase 1 | G101: protein-coding | H101: 12 | I101: 50025 | J101: -0.23557975 | K101: 9.8605062 | L101: -3.1407996 | M101: 0.0020961118 | N101: 0.015586472 | O101: -1.6519035 | P101: NAK/TBK1
A102: LipVsTongue(Tumour) | B102: ENSG00000113575 | C102: 5515 | D102: PPP2CA | E102: HJS3|NEDLBA|PP2Ac|PP2CA|PP2Calpha|RP-C | F102: protein phosphatase 2 catalytic subunit alpha | G102: protein-coding | H102: 5 | I102: 32039 | J102: -0.45539988 | K102: 11.930331 | L102: -3.1303207 | M102: 0.0021667212 | N102: 0.015907574 | O102: -1.5326667 | P102: PP2A alpha + beta
A103: LipVsTongue(Tumour) | B103: ENSG00000174775 | C103: 3265 | D103: HRAS | E103: C-BAS/HAS|C-H-RAS|C-HA-RAS1|CTLO|H-RASIDX|HAMSV|HRAS1|RASH1|p21ras | F103: HRas proto-oncogene, GTPase | G103: protein-coding | H103: 11 | I103: 5080 | J103: -0.2877489 | K103: 8.5193682 | L103: -3.1116636 | M103: 0.0022979233 | N103: 0.016456123 | O103: -1.8776044 | P103: Ras
A104: LipVsTongue(Tumour) | B104: ENSG00000161638 | C104: 3678 | D104: ITGA5 | E104: CD49e|FNRA|VLA-5|VLA5A | F104: integrin subunit alpha 5 | G104: protein-coding | H104: 12 | I104: 24006 | J104: -0.83500887 | K104: 9.99048 | L104: -3.1117458 | M104: 0.0022981827 | N104: 0.016456123 | O104: -1.7191315 | P104: Integrin alpha 5
A105: LipVsTongue(Tumour) | B105: ENSG00000139687 | C105: 5925 | D105: RB1 | E105: OSRC|PPP1R130|RB|p105-Rb|p110-RB1|pRb|pp110 | F105: RB transcriptional corepressor 1 | G105: protein-coding | H105: 13 | I105: 295693 | J105: 0.4506996 | K105: 7.6451271 | L105: 3.1068622 | M105: 0.0023337215 | N105: 0.016501076 | O105: -1.9958781 | P105: Rb (phospho S807)
A106: LipVsTongue(Tumour) | B106: ENSG00000139687 | C106: 5925 | D106: RB1 | E106: OSRC|PPP1R130|RB|p105-Rb|p110-RB1|pRb|pp110 | F106: RB transcriptional corepressor 1 | G106: protein-coding | H106: 13 | I106: 295693 | J106: 0.58634094 | K106: 9.2513082 | L106: 3.1031116 | M106: 0.0023613609 | N106: 0.016501076 | O106: -1.8429642 | P106: Rb (phospho T780)
A107: LipVsTongue(Tumour) | B107: ENSG00000204632 | C107: 3135 | D107: HLA-G | E107: MHC-G | F107: major histocompatibility complex, class I, G | G107: protein-coding | H107: 6 | I107: 4159 | J107: -0.54770069 | K107: 9.9171607 | L107: -3.094605 | M107: 0.0024251745 | N107: 0.016745252 | O107: -1.7728335 | P107: HLA G
A108: LipVsTongue(Tumour) | B108: ENSG00000100311 | C108: 5155 | D108: PDGFB | E108: IBGC5|PDGF-2|PDGF2|SIS|SSV|c-sis | F108: platelet derived growth factor subunit B | G108: protein-coding | H108: 22 | I108: 21624 | J108: -0.4609515 | K108: 10.138301 | L108: -3.056728 | M108: 0.0027283389 | N108: 0.018616901 | O108: -1.8616055 | P108: PDGF B
A109: LipVsTongue(Tumour) | B109: ENSG00000174059 | C109: 947 | D109: CD34 | E109: - | F109: CD34 molecule | G109: protein-coding | H109: 1 | I109: 30431 | J109: -0.43518998 | K109: 6.8655299 | L109: -3.0465493 | M109: 0.0028166729 | N109: 0.018996166 | O109: -2.2061077 | P109: CD34
A110: LipVsTongue(Tumour) | B110: ENSG00000157764 | C110: 673 | D110: BRAF | E110: B-RAF1|B-raf|BRAF-1|BRAF1|NS7|RAFB1 | F110: B-Raf proto-oncogene, serine/threonine kinase | G110: protein-coding | H110: 7 | I110: 205603 | J110: -0.2442604 | K110: 7.8724741 | L110: -3.0343121 | M110: 0.0029243025 | N110: 0.01949535 | O110: -2.1671295 | P110: BRAF
A111: LipVsTongue(Tumour) | B111: ENSG00000184270 | C111: 317772 | D111: H2AC21 | E111: H2AB|HIST2H2AB | F111: H2A clustered histone 21 | G111: protein-coding | H111: 1 | I111: 497 | J111: 0.81393311 | K111: 13.739687 | L111: 3.0283961 | M111: 0.0029790892 | N111: 0.019634906 | O111: -1.7477086 | P111: Histone H2A (acetyl K5)
... A140: LipVsTongue(Tumour) | B140: ENSG00000185896 | C140: 3916 | D140: LAMP1 | E140: CD107a|LAMPA|LGP120 | F140: lysosomal associated membrane protein 1 | G140: protein-coding | H140: 13 | I140: 26434 | J140: -0.72983674 | K140: 13.174975 | L140: -2.6814641 | M140: 0.0083051441 | N140: 0.0411708 | O140: -2.6067823 | P140: LAMP1
A141: LipVsTongue(Tumour) | B141: ENSG00000160211 | C141: 2539 | D141: G6PD | E141: G6PD1 | F141: glucose-6-phosphate dehydrogenase | G141: protein-coding | H141: X | I141: 29748 | J141: -0.7006538 | K141: 11.959493 | L141: -2.6562675 | M141: 0.0089157863 | N141: 0.043823356 | O141: -2.7447451 | P141: Glucose 6 Phosphate Dehydrogenase
A142: LipVsTongue(Tumour) | B142: ENSG00000149554 | C142: 1111 | D142: CHEK1 | E142: CHK1|OZEMA21 | F142: checkpoint kinase 1 | G142: protein-coding | H142: 11 | I142: 51093 | J142: 0.23864264 | K142: 7.7303099 | L142: 2.6494177 | M142: 0.0090867294 | N142: 0.043988943 | O142: -3.2097634 | P142: Chk1
A143: LipVsTongue(Tumour) | B143: ENSG00000081237 | C143: 5788 | D143: PTPRC | E143: B220|CD45|CD45R|GP180|IMD105|L-CA|LCA|LY5|T200 | F143: protein tyrosine phosphatase receptor type C | G143: protein-coding | H143: 1 | I143: 119020 | J143: -0.1675505 | K143: 7.7174837 | L143: -2.6488512 | M143: 0.0091011605 | N143: 0.043988943 | O143: -3.1965397 | P143: CD45RA
A144: LipVsTongue(Tumour) | B144: ENSG00000078900 | C144: 7161 | D144: TP73 | E144: CILD47|P73 | F144: tumor protein p73 | G144: protein-coding | H144: 1 | I144: 83686 | J144: 0.51680935 | K144: 8.4112188 | L144: 2.6403322 | M144: 0.0093226376 | N144: 0.044687023 | O144: -3.166146 | P144: p73
A145: LipVsTongue(Tumour) | B145: ENSG00000136997 | C145: 4609 | D145: MYC | E145: MRTL|MYCC|bHLHe39|c-Myc | F145: MYC proto-oncogene, bHLH transcription factor | G145: protein-coding | H145: 8 | I145: 7518 | J145: 0.17961371 | K145: 7.9560936 | L145: 2.6300363 | M145: 0.009592354 | N145: 0.045602994 | O145: -3.2318369 | P145: c-Myc (phospho S62)
A146: LipVsTongue(Tumour) | B146: ENSG00000163508 | C146: 8320 | D146: EOMES | E146: TBR2 | F146: eomesodermin | G146: protein-coding | H146: 3 | I146: 6763 | J146: 0.20247102 | K146: 8.5886982 | L146: 2.6012482 | M146: 0.010390297 | N146: 0.048994896 | O146: -3.2233146 | P146: TBR2 / Eomes
A147: OCvsTongue(Tumour) | B147: ENSG00000107159 | C147: 768 | D147: CA9 | E147: CAIX|MN | F147: carbonic anhydrase 9 | G147: protein-coding | H147: 9 | I147: 7232 | J147: -1.0902166 | K147: 9.3889057 | L147: -5.4841627 | M147: 2.1587796e-07 | N147: 0.00012520922 | O147: 6.7391985 | P147: Carbonic Anhydrase 9/CA9
A148: OCvsTongue(Tumour) | B148: ENSG00000149925 | C148: 226 | D148: ALDOA | E148: ALDA|GSD12|HEL-S-87p | F148: aldolase, fructose-bisphosphate A | G148: protein-coding | H148: 16 | I148: 6294 | J148: -0.33653921 | K148: 9.3434126 | L148: -3.9567166 | M148: 0.00012561943 | N148: 0.026637912 | O148: 0.95618467 | P148: Aldolase
A149: OCvsTongue(Tumour) | B149: ENSG00000169919 | C149: 2990 | D149: GUSB | E149: BG|MPS7 | F149: glucuronidase beta | G149: protein-coding | H149: 7 | I149: 21532 | J149: -0.6597128 | K149: 11.023304 | L149: -3.9005997 | M149: 0.00015469203 | N149: 0.026637912 | O149: 0.77171871 | P149: beta glucuronidase (GUSB)
A150: OCvsTongue(Tumour) | B150: ENSG00000165197 | C150: 2277 | D150: VEGFD | E150: FIGF|VEGF-D | F150: vascular endothelial growth factor D | G150: protein-coding | H150: X | I150: 38818 | J150: -0.82680212 | K150: 10.411045 | L150: -3.8520497 | M150: 0.00018496506 | N150: 0.026637912 | O150: 0.62591816 | P150: VEGFD
A151: OCvsTongue(Tumour) | B151: ENSG00000184270 | C151: 317772 | D151: H2AC21 | E151: H2AB|HIST2H2AB | F151: H2A clustered histone 21 | G151: protein-coding | H151: 1 | I151: 497 | J151: 0.37996633 | K151: 8.7291151 | L151: 3.7517675 | M151: 0.00026576882 | N151: 0.026637912 | O151: 0.24419511 | P151: Histone H2A (phospho T120)
A152: OCvsTongue(Tumour) | B152: ENSG00000106462 | C152: 2146 | D152: EZH2 | E152: ENX-1|ENX1|EZH2b|KMT6|KMT6A|WVS|WVS2 | F152: enhancer of zeste 2 polycomb repressive complex 2 subunit | G152: protein-coding | H152: 7 | I152: 77065 | J152: 0.49468611 | K152: 8.9082088 | L152: 3.7177505 | M152: 0.00030037264 | N152: 0.026637912 | O152: 0.13831041 | P152: KMT6/EZH2 (phospho T487)
A153: OCvsTongue(Tumour) | B153: ENSG00000111640 | C153: 2597 | D153: GAPDH | E153: G3PD|GAPD|HEL-S-162eP | F153: glyceraldehyde-3-phosphate dehydrogenase | G153: protein-coding | H153: 12 | I153: 3863 | J153: -0.68202838 | K153: 13.884352 | L153: -3.6481153 | M153: 0.0003841611 | N153: 0.026637912 | O153: -0.1750539 | P153: GAPDH
...

Sheet Table 02 Features Summary
A1: Table 2: Summary of results for Feature Association with Survival Analysis for both IPA and WTA assay. The number of features significantly associated with patient outcomes for either IPA (proteins) or WTA (genes) assay. The number of features found only in the IPA are also tabulated. univariate CoxPH with wald p-value < 0.01 followed by Kaplier Mier survival analysis on either DFS or OS as events with features groups based on the top and bottom quantile, significance defined at p value < 0.05.
C3: TME | E3: Tumour | G3: TME | I3: Tumour
C4: HR < 1 | D4: HR ≥ 1 | E4: HR < 1 | F4: HR ≥ 1 | G4: HR < 1 | H4: HR ≥ 1 | I4: HR < 1 | J4: HR ≥ 1
C5: DFS.DFSevents | G5: OS.death
B6: IPA | C6: ='Table 03 IPA ~features'!D5 -> 30 | D6: ='Table 03 IPA ~features'!F5 -> 22 | E6: ='Table 03 IPA ~features'!H5 -> 44 | F6: ='Table 03 IPA ~features'!J5 -> 32 | G6: ='Table 03 IPA ~features'!M5 -> 13 | H6: ='Table 03 IPA ~features'!O5 -> 31 | I6: ='Table 03 IPA ~features'!Q5 -> 42 | J6: ='Table 03 IPA ~features'!S5 -> 22
B7: WTA | C7: ='Table 08 WTA ~features'!B4 -> 326 | D7: ='Table 08 WTA ~features'!C4 -> 368 | E7: ='Table 08 WTA ~features'!D4 -> 350 | F7: ='Table 08 WTA ~features'!E4 -> 214 | G7: ='Table 08 WTA ~features'!F4 -> 199 | H7: ='Table 08 WTA ~features'!G4 -> 342 | I7: ='Table 08 WTA ~features'!H4 -> 344 | J7: ='Table 08 WTA ~features'!I4 -> 322
B8: only in IPA | C8: ='Table 10 IPAonly ~Features'!D3 -> 25 | D8: ='Table 10 IPAonly ~Features'!E3 -> 19 | E8: ='Table 10 IPAonly ~Features'!F3 -> 39 | F8: ='Table 10 IPAonly ~Features'!G3 -> 30 | G8: ='Table 10 IPAonly ~Features'!H3 -> 12 | H8: ='Table 10 IPAonly ~Features'!I3 -> 28 | I8: ='Table 10 IPAonly ~Features'!J3 -> 37 | J8: ='Table 10 IPAonly ~Features'!K3 -> 21

Sheet Table 03 IPA ~features
A1: Table 3: Features identified via coxPh-KM feature association with patient survival for the IPA assay. The list of features significantly associated with patient outcomes for the IPA (proteins) assay. Univariate CoxPH with wald p-value < 0.01 was applied on each feature for either DFS or OS as events. Results are grouped into either hazard ratio <1 (low) or ≥ 1(high) and followed up with a Kaplan Meier survival analysis where samples are grouped into categories based on the top and bottom quantile of the feature of interest with significance defined as p value < 0.05. Features are of interest are highlighted in green.
A2: 20240918A | C2: IPA CoxPh < 0.01 KM < 0.05 | E2: ~ Features
B3: Total per Group | C3: =SUM(D5,F5) -> 52 | G3: =SUM(H5,J5) -> 76 | L3: =SUM(M5,O5) -> 44 | P3: =SUM(Q5,S5) -> 64
C4: Protein Name | D4: Gene
B5: Total per category | D5: =90-COUNTBLANK(D9:D98) -> 30 | F5: =90-COUNTBLANK(F9:F98) -> 22 | H5: =90-COUNTBLANK(H9:H96) -> 44 | J5: =90-COUNTBLANK(J9:J98) -> 32 | M5: =90-COUNTBLANK(M9:M98) -> 13 | O5: =90-COUNTBLANK(O9:O98) -> 31 | Q5: =90-COUNTBLANK(Q9:Q98) -> 42 | S5: =90-COUNTBLANK(S9:S98) -> 22
C6: DFS.DFSevents | L6: OS.death
C7: TME | G7: Tumour | L7: TME | P7: Tumour
C8: HR < 1 | E8: HR ≥ 1 | G8: HR < 1 | I8: HR ≥ 1 | L8: HR < 1 | N8: HR ≥ 1 | P8: HR < 1 | R8: HR ≥ 1
C9: alpha_smooth_muscle_Actin | D9: ACTA2 | E9: Adenosine_Receptor_A2a | F9: ADORA2A | G9: alpha_smooth_muscle_Actin | H9: ACTA2 | I9: ATF2 | J9: ATF2 | L9: alpha_smooth_muscle_Actin | M9: ACTA2 | N9: Adenosine_Receptor_A2a | O9: ADORA2A | P9: alpha_smooth_muscle_Actin | Q9: ACTA2 | R9: Adenosine_Receptor_A2a | S9: ADORA2A
C10: Cyclin_E2 | D10: CCNE2 | E10: AKT3_AKT2_AKT1 | F10: AKT3 | G10: Adenosine_Receptor_A2a | H10: ADORA2A | I10: Survivin | J10: BIRC5 | L10: p27_KIP_1_phospho_S10 | M10: CDKN1B | N10: AKT1_phospho_T450 | O10: AKT1 | P10: ALK | Q10: ALK | R10: CD36 | S10: CD36
C11: CD3_epsilon | D11: CD3E | E11: ATF2 | F11: ATF2 | G11: Bcl6 | H11: BCL6 | I11: BRAF | J11: BRAF | L11: KMT6_EZH2_phospho_T487 | M11: EZH2 | N11: AKT3_AKT2_AKT1 | O11: AKT3 | P11: Bad | Q11: BAD | R11: N_Cadherin | S11: CDH2
C12: CD79a | D12: CD79A | E12: ATR_phospho_S428 | F12: ATR | G12: Bid | H12: BID | I12: CD34 | J12: CD34 | L12: Granzyme_A | M12: GZMA | N12: Aldolase | O12: ALDOA | P12: Bcl6 | Q12: BCL6 | R12: Cdk6 | S12: CDK6
C13: p27_KIP_1_phospho_S10 | D13: CDKN1B | E13: CD36 | F13: CD36 | G13: Carbonic_Anhydrase_9_CA9 | H13: CA9 | I13: CD36 | J13: CD36 | L13: IFIT1 | M13: IFIT1 | N13: x5_Lipoxygenase_5_LO | O13: ALOX5 | P13: BRCA1 | Q13: BRCA1 | R13: Collagen_I | S13: COL1A1
C14: Collagen_I | D14: COL1A1 | E14: p57_Kip2 | F14: CDKN1C | G14: CD3_epsilon | H14: CD3E | I14: N_Cadherin | J14: CDH2 | L14: ISG15 | M14: ISG15 | N14: ATF2 | O14: ATF2 | P14: Carbonic_Anhydrase_9_CA9 | Q14: CA9 | R14: CTLA4 | S14: CTLA4
C15: DUSP6 | D15: DUSP6 | E15: beta_Catenin | F15: CTNNB1 | G15: CD44 | H15: CD44 | I15: Cdk6 | J15: CDK6 | L15: Lck | M15: LCK | N15: ATR_phospho_S428 | O15: ATR | P15: Caveolin_1 | Q15: CAV1 | R15: ENO1_ENO2_ENO3 | S15: ENO2
C16: ETS1 | D16: ETS1 | E16: KMT6_EZH2 | F16: EZH2 | G16: p27_KIP_1_phospho_S10 | H16: CDKN1B | I16: Collagen_I | J16: COL1A1 | L16: c_Myc_phospho_S62 | M16: MYC | N16: cIAP2 | O16: BIRC3 | P16: CD28 | Q16: CD28 | R16: VEGF_Receptor_1 | S16: FLT1
C17: Fibronectin | D17: FN1 | E17: FANCI | F17: FANCI | G17: C_Reactive_Protein | H17: CRP | I17: CREB | J17: CREB1 | L17: Occludin | M17: OCLN | N17: CD36 | O17: CD36 | P17: CD3_epsilon | Q17: CD3E | R17: FOXP3 | S17: FOXP3
C18: GLP_1 | D18: GCG | E18: FGF2 | F18: FGF2 | G18: CXCR3 | H18: CXCR3 | I18: CTLA4 | J18: CTLA4 | L18: PARP1 | M18: PARP1 | N18: N_Cadherin | O18: CDH2 | P18: CD44 | Q18: CD44 | R18: GSK3_beta | S18: GSK3B
C19: GSK3_beta_phospho_S9 | D19: GSK3B | E19: GATA3 | F19: GATA3 | G19: ENO1_ENO2_ENO3 | H19: ENO2 | I19: Cathepsin_K | J19: CTSK | L19: PDGFR_alpha | M19: PDGFRA | N19: Collagen_I | O19: COL1A1 | P19: CD70 | Q19: CD70 | R19: x15_PGDH | S19: HPGD
C20: Granzyme_A | D20: GZMA | E20: Ras | F20: HRAS | G20: KMT6_EZH2 | H20: EZH2 | I20: FANCI | J20: FANCI | L20: Syk | M20: SYK | N20: beta_Catenin | O20: CTNNB1 | P20: Chk1 | Q20: CHEK1 | R20: Ras | S20: HRAS
C21: Histone_H3_tri_methyl_K27 | D21: H3C3 | E21: Hsp90 | F21: HSP90AA1 | G21: Tissue_Factor | H21: F3 | I21: VEGF_Receptor_1 | J21: FLT1 | L21: active_YAP1 | M21: YAP1 | N21: KMT6_EZH2 | O21: EZH2 | P21: CXCR5 | Q21: CXCR5 | R21: IRF3 | S21: IRF3
C22: Interferon_gamma | D22: IFNG | E22: Insulin | F22: INS | G22: Fibronectin | H22: FN1 | I22: FOXP3 | J22: FOXP3 | N22: FANCI | O22: FANCI | P22: ErbB2_HER2_phospho_Y877 | Q22: ERBB2 | R22: VEGF_Receptor_2 | S22: KDR
C23: Ikaros | D23: IKZF1 | E23: KIR3DL1_KIR3DS1 | F23: KIR3DL1 | G23: CD15 | H23: FUT4 | I23: GSK3_beta | J23: GSK3B | N23: FGF2 | O23: FGF2 | P23: KMT6_EZH2_phospho_T487 | Q23: EZH2 | R23: KIR3DL1_KIR3DS1 | S23: KIR3DL1
C24: IL_2_Receptor_alpha | D24: IL2RA | E24: MyD88 | F24: MYD88 | G24: GGT1_GGT | H24: GGT1 | I24: x15_PGDH | J24: HPGD | N24: VEGF_Receptor_1 | O24: FLT1 | P24: KMT6_EZH2 | Q24: EZH2 | R24: MEK1 | S24: MAP2K1
C25: IRF5 | D25: IRF5 | E25: PDGF_B | F25: PDGFB | G25: GNLY_Granulysin | H25: GNLY | I25: Ras | J25: HRAS | N25: GATA3 | O25: GATA3 | P25: Fibronectin | Q25: FN1 | R25: MyD88 | S25: MYD88
C26: CD11a | D26: ITGAL | E26: PLCG_2 | F26: PLCG2 | G26: Granzyme_A | H26: GZMA | I26: Insulin_Receptor_alpha | J26: INSR | N26: Ras | O26: HRAS | P26: GGT1_GGT | Q26: GGT1 | R26: PLCG_2 | S26: PLCG2
C27: KIR2DL3 | D27: KIR2DL3 | E27: RSK1_p90 | F27: RPS6KA1 | G27: Hsp90 | H27: HSP90AA1 | I27: IRF3 | J27: IRF3 | N27: Hsp90 | O27: HSP90AA1 | P27: GNLY_Granulysin | Q27: GNLY | R27: CD45RA | S27: PTPRC
C28: Lck | D28: LCK | E28: Sonic_Hedgehog | F28: SHH | G28: Interferon_gamma | H28: IFNG | I28: MMP14 | J28: MMP14 | N28: KIR2DL3 | O28: KIR2DL3 | P28: Hsp90 | Q28: HSP90AA1 | R28: NF_kB_p65 | S28: RELA
C29: ERK1_phospho_T202_ERK2_phospho_T185 | D29: MAPK1 | E29: Osteopontin | F29: SPP1 | G29: Ikaros | H29: IKZF1 | I29: MyD88 | J29: MYD88 | N29: KIR3DL1_KIR3DS1 | O29: KIR3DL1 | P29: ICAM1 | Q29: ICAM1 | R29: ROCK2_ROCK1 | S29: ROCK2
C30: p38_beta_MAPK11_p38_alpha_MAPK14 | D30: MAPK14 | E30: DR5 | F30: TNFRSF10B | G30: IL3RA_CD123 | H30: IL3RA | I30: PI_3_Kinase_catalytic_subunit_alpha_PIK3CA | J30: PIK3CA | N30: MMP14 | O30: MMP14 | P30: Ikaros | Q30: IKZF1 | R30: SDHA | S30: SDHA
C31: PARP1 | D31: PARP1 | G31: CD103 | H31: ITGAE | I31: PLCG_2 | J31: PLCG2 | N31: MyD88 | O31: MYD88 | P31: IL_2RG | Q31: IL2RG
C32: PCNA | D32: PCNA | G32: CD11a | H32: ITGAL | I32: PP2A_alpha_beta | J32: PPP2CA | N32: Pan_Trk | O32: NTRK1 | P32: Integrin_alpha_5 | Q32: ITGA5
C33: CD45 | D33: PTPRC | G33: VEGF_Receptor_2 | H33: KDR | I33: CD45RA | J33: PTPRC | N33: PCNA | O33: PCNA | P33: CD103 | Q33: ITGAE
C34: SFRP4 | D34: SFRP4 | G34: c_Kit | H34: KIT | I34: Rho_A_B_C | J34: RHOA | N34: PDGF_B | O34: PDGFB | P34: NKG2A_NKG2E_NKG2C | Q34: KLRC1
C35: Wnt3a | D35: WNT3A | G35: NKG2A_NKG2E_NKG2C | H35: KLRC1 | I35: Rho | J35: RHOA | N35: RSK1_p90 | O35: RPS6KA1 | P35: p38_phospho_T180 | Q35: MAPK14
C36: active_YAP1 | D36: YAP1 | G36: Lck | H36: LCK | I36: ROCK2_ROCK1 | J36: ROCK2 | N36: Sonic_Hedgehog | O36: SHH | P36: JNK1_JNK2_JNK3_phospho_T183T183T221 | Q36: MAPK9
C37: YAP1 | D37: YAP1 | G37: p38_beta_MAPK11_p38_alpha_MAPK14 | H37: MAPK14 | I37: RSK1_p90 | J37: RPS6KA1 | N37: Osteopontin | O37: SPP1 | P37: MDM2_phospho_S166 | Q37: MDM2
C38: ZAP70 | D38: ZAP70 | G38: MMP3 | H38: MMP3 | I38: STAT6 | J38: STAT6 | N38: DR5 | O38: TNFRSF10B | P38: c_Myb_phospho_S11 | Q38: MYB
G39: PARP1 | H39: PARP1 | I39: NAK_TBK1 | J39: TBK1 | N39: p63 | O39: TP63 | P39: PARP1 | Q39: PARP1
G40: PRAME | H40: PRAME | I40: Topoisomerase_II_alpha | J40: TOP2A | P40: PRAME | Q40: PRAME
G41: CD45 | H41: PTPRC | P41: CD45 | Q41: PTPRC
G42: Rb_phospho_T356 | H42: RB1 | P42: Rb_phospho_S608 | Q42: RB1
G43: NF_kB_p65 | H43: RELA | P43: Rb_phospho_T356 | Q43: RB1
G44: S100A4 | H44: S100A4 | P44: SFRP1 | Q44: SFRP1
G45: SDHA | H45: SDHA | P45: Sonic_Hedgehog | Q45: SHH
G46: SFRP1 | H46: SFRP1 | P46: STAT3_phospho_Y705 | Q46: STAT3
G47: Sonic_Hedgehog | H47: SHH | P47: Syk | Q47: SYK
G48: Topoisomerase_II_alpha_phospho_T1343 | H48: TOP2A | P48: Topoisomerase_II_alpha_phospho_T1343 | Q48: TOP2A
G49: p73 | H49: TP73 | P49: Wee1 | Q49: WEE1
G50: active_YAP1 | H50: YAP1 | P50: active_YAP1 | Q50: YAP1

Sheet Table 4 IPA~features statistics
A1: Table 4: Statistics for features identified via coxPh-KM feature association with patient survival for the IPA assay. The detailed statistics for the features significantly associated with patient outcomes for the IPA (proteins) assay are tabulated. Along with the contrasts, gene and protein based information, log hazard ratios (logHR), Wald p-values and 95% confidence intervals are listed for the univariate CoxPH while the p-value for the KM analysis are listed.
A2: contrast | B2: Feature | C2: Wald_P_Value | D2: logHR | E2: logHR_lower_95CI | F2: logHR_upper_95CI | G2: external_gene_name | H2: ensembl_gene_id | I2: entrezgene_id | J2: KM_pval
A3: IPA_Feature_DFS_TME_HRlow | B3: CD79a | C3: 0.002 | D3: -2.16 | E3: -3.5 | F3: -0.812 | G3: CD79A | H3: ENSG00000105369 | I3: 973 | J3: 0.000248988774479543
A4: IPA_Feature_DFS_TME_HRlow | B4: PARP1 | C4: 0.001 | D4: -3.73 | E4: -5.972 | F4: -1.487 | G4: PARP1 | H4: ENSG00000143799 | I4: 142 | J4: 0.0108339754424668
A5: IPA_Feature_DFS_TME_HRlow | B5: Ikaros | C5: 0.006 | D5: -1.85 | E5: -3.151 | F5: -0.541 | G5: IKZF1 | H5: ENSG00000185811 | I5: 10320 | J5: 0.011045689048171
A6: IPA_Feature_DFS_TME_HRlow | B6: Fibronectin | C6: 0.007 | D6: 0.362 | E6: 0.095 | F6: 0.626 | G6: FN1 | H6: ENSG00000115414 | I6: 2335 | J6: 0.0370115069686249
A7: IPA_Feature_DFS_TME_HRlow | B7: ETS1 | C7: 0.007 | D7: -3.16 | E7: -5.456 | F7: -0.865 | G7: ETS1 | H7: ENSG00000134954 | I7: 2113 | J7: 0.0164313079550711
A8: IPA_Feature_DFS_TME_HRlow | B8: active_YAP1 | C8: 0 | D8: 0.793 | E8: 0.405 | F8: 1.182 | G8: YAP1 | H8: ENSG00000137693 | I8: 10413 | J8: 8.11539391298031e-06
A9: IPA_Feature_DFS_TME_HRlow | B9: p27_KIP_1_phospho_S10 | C9: 0.001 | D9: -3.16 | E9: -4.953 | F9: -1.37 | G9: CDKN1B | H9: ENSG00000111276 | I9: 1027 | J9: 0.000257103542973897
A10: IPA_Feature_DFS_TME_HRlow | B10: p38_beta_MAPK11_p38_alpha_MAPK14 | C10: 0.003 | D10: -3.72 | E10: -6.195 | F10: -1.248 | G10: MAPK14 | H10: ENSG00000112062 | I10: 1432 | J10: 0.00589163854509485
A11: IPA_Feature_DFS_TME_HRlow | B11: Collagen_I | C11: 0.005 | D11: 0.852 | E11: 0.255 | F11: 1.449 | G11: COL1A1 | H11: ENSG00000108821 | I11: 1277 | J11: 0.0022970195932557
A12: IPA_Feature_DFS_TME_HRlow | B12: SFRP4 | C12: 0.006 | D12: 0.495 | E12: 0.148 | F12: 0.846 | G12: SFRP4 | H12: ENSG00000106483 | I12: 6424 | J12: 0.0172980919971961
A13: IPA_Feature_DFS_TME_HRlow | B13: Wnt3a | C13: 0.006 | D13: -5.25 | E13: -9.028 | F13: -1.474 | G13: WNT3A | H13: ENSG00000154342 | I13: 89780 | J13: 0.0245683342940003
A14: IPA_Feature_DFS_TME_HRlow | B14: CD45 | C14: 0.002 | D14: -1.32 | E14: -2.172 | F14: -0.468 | G14: PTPRC | H14: ENSG00000081237 | I14: 5788 | J14: 0.00114908725258406
... A236: IPA_Feature_OS_Tumour_HRhigh | B236: PLCG_2 | C236: 0.003 | D236: 1.24 | E236: 0.425 | F236: 2.049 | G236: PLCG2 | H236: ENSG00000197943 | I236: 5336 | J236: 0.00177327778219361

Sheet Table 05 WTA DE
A1: Table 5: Differential Expression Analysis results for the WTA assay. The number of differentially expression genes for the tested contrast between different tissue locations or between good and poor (P) responders based on OS or DFS events within different segments. Limma-voom ebayes pipeline used with a significance cutoff based on the adjusted p-value of ≤ 0.05 using the Benjamini Hochberg procedure. DE analysis statistics for differentially expressed genes for each contrast are listed below.
B2: 18676 | C2: Transcripts | E2: limma-voom ebayes
C4: Segments (between Tissues)
C5: Tumour | F5: TME
C6: Lip vs Tongue | D6: OC vs Tongue | E6: Pharynx vs Tongue | F6: Lip vs Tongue | G6: OC vs Tongue | H6: Pharynx vs Tongue
B7: Down | C7: 21 | D7: 1 | E7: 25 | F7: 207 | G7: 17 | H7: 14
B8: Up | C8: 34 | D8: 1 | E8: 112 | F8: 78 | G8: 10 | H8: 8
B9: Total | C9: =SUM(C8,C7) -> 55 | D9: =SUM(D8,D7) -> 2 | E9: =SUM(E8,E7) -> 137 | F9: =SUM(F8,F7) -> 285 | G9: =SUM(G8,G7) -> 27 | H9: =SUM(H8,H7) -> 22
C11: DFS (within Segment) | E11: OS (within Segment)
C12: GvP_TME | D12: GvP_Tumour | E12: GvP_TME | F12: GvP_Tumour
B13: Down | C13: 0 | D13: 0 | E13: 5 | F13: 1448
B14: Up | C14: 0 | D14: 0 | E14: 5 | F14: 346
B15: Total | C15: =SUM(C14,C13) -> 0 | D15: 2 | E15: =SUM(E14,E13) -> 10 | F15: =SUM(F14,F13) -> 1794
C17: DFS (within Location) | F17: OS (within Location)
C18: GvP_OC | D18: GvP_Pharynx | E18: GvP_Tongue | F18: GvP_Lip | G18: GvP_OC | H18: GvP_Pharynx | I18: GvP_Tongue
B19: Down | C19: 2 | D19: 0 | E19: 8 | F19: 11 | G19: 0 | H19: 3 | I19: 25
B20: Up | C20: 0 | D20: 0 | E20: 4 | F20: 0 | G20: 0 | H20: 2 | I20: 41
B21: Total | C21: =SUM(C20,C19) -> 2 | D21: =SUM(D20,D19) -> 0 | E21: =SUM(E20,E19) -> 12 | F21: =SUM(F20,F19) -> 11 | G21: =SUM(G20,G19) -> 0 | H21: =SUM(H20,H19) -> 5 | I21: =SUM(I20,I19) -> 66
A24: Contrast | B24: ensembl_gene_id | C24: entrezgene_id | D24: external_gene_name | E24: synonyms | F24: description | G24: type_of_gene | H24: chromosome | I24: length | J24: genes_lowCount_overNsamples | K24: logFC | L24: AveExpr | M24: t | N24: P.Value | O24: adj.P.Val | P24: B | Q24: genename
A25: LipVsTongue(Stroma) | B25: ENSG00000099953 | C25: 4320 | D25: MMP11 | E25: SL-3|ST3|STMY3 | F25: matrix metallopeptidase 11 | G25: protein-coding | H25: 22 | I25: 16091 | J25: FALSE | K25: -3.0493861 | L25: 5.7898295 | M25: -7.6124755 | N25: 1.1995193e-11 | O25: 2.2402222e-07 | P25: 15.560305 | Q25: MMP11
A26: LipVsTongue(Stroma) | B26: ENSG00000127241 | C26: 5648 | D26: MASP1 | E26: 3MC1|CRARF|CRARF1|MAP-1|MAP1|MASP|MASP-3|MASP3|MAp44|PRSS5|RaRF | F26: MBL associated serine protease 1 | G26: protein-coding | H26: 3 | I26: 74699 | J26: FALSE | K26: 0.83023972 | L26: 5.3637308 | M26: 6.4390074 | N26: 2.5567396e-09 | O26: 1.8128184e-05 | P26: 10.879168 | Q26: MASP1
A27: LipVsTongue(Stroma) | B27: ENSG00000179954 | C27: 284297 | D27: SSC5D | E27: S5D-SRCRB | F27: scavenger receptor cysteine rich family member with 5 domains | G27: protein-coding | H27: 19 | I27: 30696 | J27: FALSE | K27: -0.79980559 | L27: 4.5906993 | M27: -6.4124373 | N27: 2.9120022e-09 | O27: 1.8128184e-05 | P27: 10.84615 | Q27: SSC5D
A28: LipVsTongue(Stroma) | B28: ENSG00000038427 | C28: 1462 | D28: VCAN | E28: CSPG2|ERVR|GHAP|PG-M|WGN|WGN1 | F28: versican | G28: protein-coding | H28: 5 | I28: 110686 | J28: FALSE | K28: -1.4135291 | L28: 5.9518553 | M28: -5.9573349 | N28: 3.165373e-08 | O28: 0.00014779127 | P28: 8.4496779 | Q28: VCAN
A29: LipVsTongue(Stroma) | B29: ENSG00000118785 | C29: 6696 | D29: SPP1 | E29: BNSP|BSPI|ETA-1|OPN | F29: secreted phosphoprotein 1 | G29: protein-coding | H29: 4 | I29: 7866 | J29: FALSE | K29: -2.7067021 | L29: 5.7201676 | M29: -5.8386738 | N29: 5.888303e-08 | O29: 0.00018470169 | P29: 7.8173932 | Q29: SPP1
A30: LipVsTongue(Stroma) | B30: ENSG00000149591 | C30: 6876 | D30: TAGLN | E30: SM22|SM22-alpha|SMCC|TAGLN1|TGLN|WS3-10 | F30: transgelin | G30: protein-coding | H30: 11 | I30: 8095 | J30: FALSE | K30: -1.9197498 | L30: 5.9136054 | M30: -5.8352858 | N30: 5.933873e-08 | O30: 0.00018470169 | P30: 7.8744271 | Q30: TAGLN
A31: LipVsTongue(Stroma) | B31: ENSG00000112769 | C31: 3910 | D31: LAMA4 | E31: CMD1JJ|LAMA3|LAMA4*-1 | F31: laminin subunit alpha 4 | G31: protein-coding | H31: 6 | I31: 147009 | J31: FALSE | K31: -1.0135404 | L31: 5.5727393 | M31: -5.6631801 | N31: 1.1098085e-07 | O31: 0.00027413517 | P31: 7.3864035 | Q31: LAMA4
A32: LipVsTongue(Stroma) | B32: ENSG00000166923 | C32: 26585 | D32: GREM1 | E32: C15DUPq|CKTSF1B1|CRAC1|CRCS4|DAND2|DRM|DUP15q|GREMLIN|HMPS|HMPS1|IHG-2|MPSH|PIG2 | F32: gremlin 1, DAN family BMP antagonist | G32: protein-coding | H32: 15 | I32: 27103 | J32: FALSE | K32: -1.5476108 | L32: 5.6148603 | M32: -5.6495894 | N32: 1.3549002e-07 | O32: 0.00027413517 | P32: 7.1766166 | Q32: GREM1
A33: LipVsTongue(Stroma) | B33: ENSG00000167123 | C33: 51148 | D33: CERCAM | E33: CEECAM1|GLT25D3 | F33: cerebral endothelial cell adhesion molecule | G33: protein-coding | H33: 9 | I33: 25601 | J33: FALSE | K33: -1.518275 | L33: 5.8566499 | M33: -5.637631 | N33: 1.4129473e-07 | O33: 0.00027413517 | P33: 7.0980839 | Q33: CERCAM
A34: LipVsTongue(Stroma) | B34: ENSG00000186340 | C34: 7058 | D34: THBS2 | E34: EDSCLL3|TSP2 | F34: thrombospondin 2 | G34: protein-coding | H34: 6 | I34: 38271 | J34: FALSE | K34: -1.9147183 | L34: 6.4830386 | M34: -5.6188553 | N34: 1.5599831e-07 | O34: 0.00027413517 | P34: 6.8784213 | Q34: THBS2
A35: LipVsTongue(Stroma) | B35: ENSG00000107796 | C35: 59 | D35: ACTA2 | E35: ACTSA|SMDYS | F35: actin alpha 2, smooth muscle | G35: protein-coding | H35: 10 | I35: 56518 | J35: FALSE | K35: -1.371332 | L35: 6.1072782 | M35: -5.6018034 | N35: 1.6146321e-07 | O35: 0.00027413517 | P35: 6.9734625 | Q35: ACTA2
A36: LipVsTongue(Stroma) | B36: ENSG00000148848 | C36: 8038 | D36: ADAM12 | E36: ADAM12-OT1|CAR10|MCMP|MCMPMltna|MLTN|MLTNA | F36: ADAM metallopeptidase domain 12 | G36: protein-coding | H36: 10 | I36: 376097 | J36: FALSE | K36: -1.505363 | L36: 5.8579931 | M36: -5.4987265 | N36: 2.6272882e-07 | O36: 0.00040889362 | P36: 6.5347448 | Q36: ADAM12
... A77: LipVsTongue(Stroma) | B77: ENSG00000126246 | C77: 79713 | D77: IGFLR1 | E77: TMEM149 | F77: IGF like family receptor 1 | G77: protein-coding | H77: 19 | I77: 3653 | J77: FALSE | K77: 0.55098176 | L77: 5.1177007 | M77: 4.5607102 | N77: 1.2329063e-05 | O77: 0.004185237 | P77: 3.0552616 | Q77: IGFLR1
A78: LipVsTongue(Stroma) | B78: ENSG00000102359 | C78: 27286 | D78: SRPX2 | E78: BPP|CBPS|PMGX|RESDX|SRPUL | F78: sushi repeat containing protein X-linked 2 | G78: protein-coding | H78: X | I78: 31594 | J78: FALSE | K78: -0.76540877 | L78: 5.1003226 | M78: -4.5654467 | N78: 1.2587134e-05 | O78: 0.004185237 | P78: 3.0396815 | Q78: SRPX2
A79: LipVsTongue(Stroma) | B79: ENSG00000196526 | C79: 60312 | D79: AFAP1 | E79: AFAP|AFAP-110|AFAP110 | F79: actin filament associated protein 1 | G79: protein-coding | H79: 4 | I79: 181213 | J79: FALSE | K79: -0.6073255 | L79: 5.2488767 | M79: -4.5555757 | N79: 1.2588685e-05 | O79: 0.004185237 | P79: 3.0391983 | Q79: AFAP1
A80: LipVsTongue(Stroma) | B80: ENSG00000087303 | C80: 22795 | D80: NID2 | E80: NID-2 | F80: nidogen 2 | G80: protein-coding | H80: 14 | I80: 64251 | J80: FALSE | K80: -1.0564066 | L80: 4.6471253 | M80: -4.5790324 | N80: 1.2740046e-05 | O80: 0.004185237 | P80: 3.0264124 | Q80: NID2
A81: LipVsTongue(Stroma) | B81: ENSG00000128815 | C81: 57705 | D81: WDFY4 | E81: C10orf64 | F81: WDFY family member 4 | G81: protein-coding | H81: 10 | I81: 298084 | J81: FALSE | K81: 0.62900534 | L81: 4.899496 | M81: 4.5489539 | N81: 1.293132e-05 | O81: 0.004185237 | P81: 3.005389 | Q81: WDFY4
A82: LipVsTongue(Stroma) | B82: ENSG00000123500 | C82: 1300 | D82: COL10A1 | E82: - | F82: collagen type X alpha 1 chain | G82: protein-coding | H82: 6 | I82: 39839 | J82: FALSE | K82: -0.97400786 | L82: 5.0146383 | M82: -4.5671635 | N82: 1.3243412e-05 | O82: 0.004185237 | P82: 2.9947714 | Q82: COL10A1
A83: LipVsTongue(Stroma) | B83: ENSG00000173391 | C83: 4973 | D83: OLR1 | E83: CLEC8A|LOX1|LOXIN|SCARE1|SLOX1 | F83: oxidized low density lipoprotein receptor 1 | G83: protein-coding | H83: 12 | I83: 13838 | J83: FALSE | K83: -0.73352056 | L83: 5.5229876 | M83: -4.5415998 | N83: 1.3355683e-05 | O83: 0.004185237 | P83: 2.9867495 | Q83: OLR1
A84: LipVsTongue(Stroma) | B84: ENSG00000006638 | C84: 6915 | D84: TBXA2R | E84: BDPLT13|TXA2-R | F84: thromboxane A2 receptor | G84: protein-coding | H84: 19 | I84: 12369 | J84: FALSE | K84: -0.46762768 | L84: 5.0126951 | M84: -4.5393221 | N84: 1.3445824e-05 | O84: 0.004185237 | P84: 2.9702576 | Q84: TBXA2R
A85: LipVsTongue(Stroma) | B85: ENSG00000163909 | C85: 26508 | D85: HEYL | E85: HESR3|HEY3|HRT3|bHLHb33 | F85: hes related family bHLH transcription factor with YRPW motif like | G85: protein-coding | H85: 1 | I85: 16209 | J85: FALSE | K85: -0.58704815 | L85: 3.9907741 | M85: -4.5336558 | N85: 1.3809072e-05 | O85: 0.00422784 | P85: 2.921575 | Q85: HEYL
A86: LipVsTongue(Stroma) | B86: ENSG00000140937 | C86: 1009 | D86: CDH11 | E86: CAD11|CDHOB|ESWS|OB|OSF-4|TBHS2 | F86: cadherin 11 | G86: protein-coding | H86: 16 | I86: 182360 | J86: FALSE | K86: -1.3024854 | L86: 5.7940591 | M86: -4.5478549 | N86: 1.4432331e-05 | O86: 0.004290096 | P86: 2.9209592 | Q86: CDH11
A87: LipVsTongue(Stroma) | B87: ENSG00000171812 | C87: 1296 | D87: COL8A2 | E87: FECD|FECD1|PPCD|PPCD2 | F87: collagen type VIII alpha 2 chain | G87: protein-coding | H87: 1 | I87: 29984 | J87: FALSE | K87: -0.78167158 | L87: 4.192568 | M87: -4.5361824 | N87: 1.4669017e-05 | O87: 0.004290096 | P87: 2.8793298 | Q87: COL8A2
A88: LipVsTongue(Stroma) | B88: ENSG00000128040 | C88: 6691 | D88: SPINK2 | E88: HUSI-II|SPGF29 | F88: serine peptidase inhibitor Kazal type 2 | G88: protein-coding | H88: 4 | I88: 11883 | J88: FALSE | K88: 0.49144961 | L88: 4.5317517 | M88: 4.5172323 | N88: 1.470155e-05 | O88: 0.004290096 | P88: 2.8767933 | Q88: SPINK2
A89: LipVsTongue(Stroma) | B89: ENSG00000213949 | C89: 3672 | D89: ITGA1 | E89: CD49a|VLA1 | F89: integrin subunit alpha 1 | G89: protein-coding | H89: 5 | I89: 171294 | J89: FALSE | K89: -0.76879934 | L89: 5.2493746 | M89: -4.4957478 | N89: 1.6721565e-05 | O89: 0.0048044916 | P89: 2.779572 | Q89: ITGA1
A90: LipVsTongue(Stroma) | B90: ENSG00000079308 | C90: 7145 | D90: TNS1 | E90: MST091|MST122|MST127|MSTP091|MSTP122|MSTP127|MXRA6|PPP1R155|TNS | F90: tensin 1 | G90: protein-coding | H90: 2 | I90: 234395 | J90: FALSE | K90: -0.74204902 | L90: 5.54156 | M90: -4.4431684 | N90: 2.0097994e-05 | O90: 0.0056871231 | P90: 2.6160626 | Q90: TNS1
A91: LipVsTongue(Stroma) | B91: ENSG00000060718 | C91: 1301 | D91: COL11A1 | E91: CO11A1|COLL6|DFNA37|STL2 | F91: collagen type XI alpha 1 chain | G91: protein-coding | H91: 1 | I91: 232406 | J91: FALSE | K91: -1.6126783 | L91: 5.4396381 | M91: -4.4403215 | N91: 2.2202079e-05 | O91: 0.0061357328 | P91: 2.534711 | Q91: COL11A1
A92: LipVsTongue(Stroma) | B92: ENSG00000102265 | C92: 7076 | D92: TIMP1 | E92: CLGI|EPA|EPO|HCI|TIMP|TIMP-1 | F92: TIMP metallopeptidase inhibitor 1 | G92: protein-coding | H92: X | I92: 4382 | J92: FALSE | K92: -1.430585 | L92: 6.7276403 | M92: -4.4362216 | N92: 2.2340428e-05 | O92: 0.0061357328 | P92: 2.4789678 | Q92: TIMP1
A93: LipVsTongue(Stroma) | B93: ENSG00000161638 | C93: 3678 | D93: ITGA5 | E93: CD49e|FNRA|VLA-5|VLA5A | F93: integrin subunit alpha 5 | G93: protein-coding | H93: 12 | I93: 24006 | J93: FALSE | K93: -1.4618735 | L93: 6.2379196 | M93: -4.3692847 | N93: 2.9119157e-05 | O93: 0.0078191177 | P93: 2.2602606 | Q93: ITGA5
A94: LipVsTongue(Stroma) | B94: ENSG00000142552 | C94: 57333 | D94: RCN3 | E94: RLP49 | F94: reticulocalbin 3 | G94: protein-coding | H94: 19 | I94: 18960 | J94: FALSE | K94: -0.77984195 | L94: 5.4094001 | M94: -4.353532 | N94: 2.9307038e-05 | O94: 0.0078191177 | P94: 2.2727642 | Q94: RCN3
A95: LipVsTongue(Stroma) | B95: ENSG00000101335 | C95: 10398 | D95: MYL9 | E95: LC20|MLC-2C|MLC2|MMIHS4|MRLC1|MYRL2 | F95: myosin light chain 9 | G95: protein-coding | H95: 20 | I95: 9951 | J95: FALSE | K95: -1.4901459 | L95: 6.3085896 | M95: -4.3488991 | N95: 3.1559021e-05 | O95: 0.008301356 | P95: 2.1945011 | Q95: MYL9
A96: LipVsTongue(Stroma) | B96: ENSG00000188993 | C96: 339977 | D96: LRRC66 | E96: - | F96: leucine rich repeat containing 66 | G96: protein-coding | H96: 4 | I96: 26712 | J96: FALSE | K96: -0.43660236 | L96: 3.9957543 | M96: -4.315507 | N96: 3.2799298e-05 | O96: 0.0085077733 | P96: 2.1125558 | Q96: LRRC66
A97: LipVsTongue(Stroma) | B97: ENSG00000126266 | C97: 2864 | D97: FFAR1 | E97: FFA1R|GPCR40|GPR40 | F97: free fatty acid receptor 1 | G97: protein-coding | H97: 19 | I97: 5963 | J97: FALSE | K97: 0.39345995 | L97: 5.1836081 | M97: 4.3072626 | N97: 3.3875792e-05 | O97: 0.0086666342 | P97: 2.1318981 | Q97: FFAR1
A98: LipVsTongue(Stroma) | B98: ENSG00000102879 | C98: 11151 | D98: CORO1A | E98: CLABP|CLIPINA|HCORO1|IMD8|TACO|p57 | F98: coronin 1A | G98: protein-coding | H98: 16 | I98: 6250 | J98: FALSE | K98: 0.90125841 | L98: 5.5436107 | M98: 4.3195475 | N98: 3.4399893e-05 | O98: 0.0086817893 | P98: 2.1328426 | Q98: CORO1A
A99: LipVsTongue(Stroma) | B99: ENSG00000065413 | C99: 91526 | D99: ANKRD44 | E99: ARSB|PP6-ARS-B | F99: ankyrin repeat domain 44 | G99: protein-coding | H99: 2 | I99: 344157 | J99: FALSE | K99: 0.61903527 | L99: 5.5864383 | M99: 4.2941971 | N99: 3.5651694e-05 | O99: 0.0088366559 | P99: 2.095178 | Q99: ANKRD44
A100: LipVsTongue(Stroma) | B100: ENSG00000172164 | C100: 6641 | D100: SNTB1 | E100: 59-DAP|A1B|BSYN2|DAPA1B|SNT2|SNT2B1|TIP-43 | F100: syntrophin beta 1 | G100: protein-coding | H100: 8 | I100: 277529 | J100: FALSE | K100: -0.55119883 | L100: 5.1160927 | M100: -4.291994 | N100: 3.5959833e-05 | O100: 0.0088366559 | P100: 2.0695066 | Q100: SNTB1
A101: LipVsTongue(Stroma) | B101: ENSG00000171443 | C101: 147807 | D101: ZNF524 | E101: - | F101: zinc finger protein 524 | G101: protein-coding | H101: 19 | I101: 3117 | J101: FALSE | K101: -0.45862702 | L101: 5.6233767 | M101: -4.2843257 | N101: 3.7052441e-05 | O101: 0.0089869012 | P101: 2.0608291 | Q101: ZNF524
A102: LipVsTongue(Stroma) | B102: ENSG00000182871 | C102: 80781 | D102: COL18A1 | E102: GLCC|KNO|KNO1|KS | F102: collagen type XVIII alpha 1 chain | G102: protein-coding | H102: 21 | I102: 108556 | J102: FALSE | K102: -0.64804494 | L102: 5.1212674 | M102: -4.2741121 | N102: 3.8994019e-05 | O102: 0.0092333512 | P102: 1.9974811 | Q102: COL18A1
A103: LipVsTongue(Stroma) | B103: ENSG00000172725 | C103: 57175 | D103: CORO1B | E103: CORONIN-2 | F103: coronin 1B | G103: protein-coding | H103: 11 | I103: 8312 | J103: FALSE | K103: 0.91919084 | L103: 5.6751732 | M103: 4.2868688 | N103: 3.9057332e-05 | O103: 0.0092333512 | P103: 2.0194689 | Q103: PTPRCAP
A104: LipVsTongue(Stroma) | B104: ENSG00000154380 | C104: 55740 | D104: ENAH | E104: ENA|MENA|NDPP1 | F104: ENAH actin regulator | G104: protein-coding | H104: 1 | I104: 166378 | J104: FALSE | K104: -0.7691216 | L104: 5.3101226 | M104: -4.2725568 | N104: 4.014659e-05 | O104: 0.0093722215 | P104: 1.9869352 | Q104: ENAH
... A114: LipVsTongue(Stroma) | B114: ENSG00000168542 | C114: 1281 | D114: COL3A1 | E114: EDS4A|EDSVASC|PMGEDSV | F114: collagen type III alpha 1 chain | G114: protein-coding | H114: 2 | I114: 38374 | J114: FALSE | K114: -2.0133898 | L114: 7.4658592 | M114: -4.2178907 | N114: 5.2241611e-05 | O114: 0.010608874 | P114: 1.6422598 | Q114: COL3A1
A115: LipVsTongue(Stroma) | B115: ENSG00000015285 | C115: 7454 | D115: WAS | E115: IMD2|SCNX|THC|THC1|WASP|WASPA | F115: WASP actin nucleation promoting factor | G115: protein-coding | H115: X | I115: 14836 | J115: FALSE | K115: 0.64130835 | L115: 5.1672825 | M115: 4.1963974 | N115: 5.2396165e-05 | O115: 0.010608874 | P115: 1.7346632 | Q115: WAS
A116: LipVsTongue(Stroma) | B116: ENSG00000211895 | C116: 3493 | D116: IGHA1 | E116: IgA1 | F116: immunoglobulin heavy constant alpha 1 | G116: other | H116: 14 | I116: 4671 | J116: FALSE | K116: 2.6990393 | L116: 7.5849905 | M116: 4.2172487 | N116: 5.2447686e-05 | O116: 0.010608874 | P116: 1.6874323 | Q116: IGHA1
A117: LipVsTongue(Stroma) | B117: ENSG00000159167 | C117: 6781 | D117: STC1 | E117: STC | F117: stanniocalcin 1 | G117: protein-coding | H117: 8 | I117: 12878 | J117: FALSE | K117: -0.63883213 | L117: 5.4848233 | M117: -4.192778 | N117: 5.2828511e-05 | O117: 0.010608874 | P117: 1.7320286 | Q117: STC1
A118: LipVsTongue(Stroma) | B118: ENSG00000142871 | C118: 3491 | D118: CCN1 | E118: CYR61|GIG1|IGFBP10 | F118: cellular communication network factor 1 | G118: protein-coding | H118: 1 | I118: 3829 | J118: FALSE | K118: -1.2966366 | L118: 6.3627046 | M118: -4.2068475 | N118: 5.4103619e-05 | O118: 0.010749353 | P118: 1.7168728 | Q118: CCN1
A119: LipVsTongue(Stroma) | B119: ENSG00000177455 | C119: 930 | D119: CD19 | E119: B4|CVID3 | F119: CD19 molecule | G119: protein-coding | H119: 16 | I119: 7378 | J119: FALSE | K119: 0.46558934 | L119: 4.6911217 | M119: 4.1546356 | N119: 6.1145069e-05 | O119: 0.011810785 | P119: 1.5666879 | Q119: CD19
A120: LipVsTongue(Stroma) | B120: ENSG00000182492 | C120: 633 | D120: BGN | E120: DSPG1|MRLS|PG-S1|PGI|SEMDX|SLRR1A | F120: biglycan | G120: protein-coding | H120: X | I120: 14567 | J120: FALSE | K120: -1.9705277 | L120: 7.4224237 | M120: -4.1756874 | N120: 6.1263758e-05 | O120: 0.011810785 | P120: 1.5041797 | Q120: BGN
A121: LipVsTongue(Stroma) | B121: ENSG00000158805 | C121: 92822 | D121: ZNF276 | E121: CENP-Z|CENPZ|ZADT|ZFP276|ZNF477 | F121: zinc finger protein 276 | G121: protein-coding | H121: 16 | I121: 20526 | J121: FALSE | K121: 0.45518155 | L121: 5.1641444 | M121: 4.1509282 | N121: 6.2017699e-05 | O121: 0.011810785 | P121: 1.5804113 | Q121: ZNF276
A122: LipVsTongue(Stroma) | B122: ENSG00000157470 | C122: 145773 | D122: FAM81A | E122: - | F122: family with sequence similarity 81 member A | G122: protein-coding | H122: 15 | I122: 150863 | J122: FALSE | K122: 0.38788147 | L122: 5.1316279 | M122: 4.1477926 | N122: 6.2765059e-05 | O122: 0.011810785 | P122: 1.5680151 | Q122: FAM81A
A123: LipVsTongue(Stroma) | B123: ENSG00000211897 | C123: 3502 | D123: IGHG3 | E123: IgG3 | F123: immunoglobulin heavy constant gamma 3 (G3m marker) | G123: other | H123: 14 | I123: 6903 | J123: FALSE | K123: 3.5211654 | L123: 9.3199364 | M123: 4.1678893 | N123: 6.3193342e-05 | O123: 0.011810785 | P123: 1.1993061 | Q123: IGHG3
A124: LipVsTongue(Stroma) | B124: ENSG00000140968 | C124: 3394 | D124: IRF8 | E124: H-ICSBP|ICSBP|ICSBP1|IMD32A|IMD32B|IRF-8 | F124: interferon regulatory factor 8 | G124: protein-coding | H124: 16 | I124: 23491 | J124: FALSE | K124: 0.87179545 | L124: 4.6065279 | M124: 4.1646354 | N124: 6.3240444e-05 | O124: 0.011810785 | P124: 1.5489798 | Q124: IRF8
A125: LipVsTongue(Stroma) | B125: ENSG00000197702 | C125: 55742 | D125: PARVA | E125: CH-ILKBP|MXRA2 | F125: parvin alpha | G125: protein-coding | H125: 11 | I125: 157794 | J125: FALSE | K125: -0.92725745 | L125: 5.499407 | M125: -4.1596731 | N125: 6.4140251e-05 | O125: 0.011816123 | P125: 1.5648063 | Q125: PARVA
A126: LipVsTongue(Stroma) | B126: ENSG00000113657 | C126: 1809 | D126: DPYSL3 | E126: CRMP-4|CRMP4|DRP-3|DRP3|LCRMP|ULIP|ULIP-1 | F126: dihydropyrimidinase like 3 | G126: protein-coding | H126: 5 | I126: 119261 | J126: FALSE | K126: -1.0910086 | L126: 5.8259867 | M126: -4.1596622 | N126: 6.4534402e-05 | O126: 0.011816123 | P126: 1.5708289 | Q126: DPYSL3
A127: LipVsTongue(Stroma) | B127: ENSG00000154096 | C127: 7070 | D127: THY1 | E127: CD90|CDw90 | F127: Thy-1 cell surface antigen | G127: protein-coding | H127: 11 | I127: 9510 | J127: FALSE | K127: -1.0583958 | L127: 6.4009274 | M127: -4.1511121 | N127: 6.5561627e-05 | O127: 0.01188766 | P127: 1.5465602 | Q127: THY1
A128: LipVsTongue(Stroma) | B128: ENSG00000145919 | C128: 91272 | D128: BOD1 | E128: FAM44B | F128: biorientation of chromosomes in cell division 1 | G128: protein-coding | H128: 5 | I128: 9515 | J128: FALSE | K128: -0.67653131 | L128: 4.7780965 | M128: -4.1434065 | N128: 6.6245084e-05 | O128: 0.011896088 | P128: 1.4967507 | Q128: BOD1
A129: LipVsTongue(Stroma) | B129: ENSG00000204262 | C129: 1290 | D129: COL5A2 | E129: EDSC|EDSCL2 | F129: collagen type V alpha 2 chain | G129: protein-coding | H129: 2 | I129: 193415 | J129: FALSE | K129: -1.6538512 | L129: 6.765639 | M129: -4.1493458 | N129: 6.7605433e-05 | O129: 0.011969814 | P129: 1.4953937 | Q129: COL5A2
A130: LipVsTongue(Stroma) | B130: ENSG00000131771 | C130: 84152 | D130: PPP1R1B | E130: DARPP-32|DARPP32 | F130: protein phosphatase 1 regulatory inhibitor subunit 1B | G130: protein-coding | H130: 17 | I130: 9887 | J130: FALSE | K130: 0.44575927 | L130: 5.4055696 | M130: 4.127024 | N130: 6.7937476e-05 | O130: 0.011969814 | P130: 1.5040574 | Q130: PPP1R1B
A131: LipVsTongue(Stroma) | B131: ENSG00000172037 | C131: 3913 | D131: LAMB2 | E131: LAMS|NPHS5|PIERS | F131: laminin subunit beta 2 | G131: protein-coding | H131: 3 | I131: 12005 | J131: FALSE | K131: -0.73547224 | L131: 5.8197001 | M131: -4.1175365 | N131: 7.1330457e-05 | O131: 0.012450165 | P131: 1.4737663 | Q131: LAMB2
A132: LipVsTongue(Stroma) | B132: ENSG00000137673 | C132: 4316 | D132: MMP7 | E132: MMP-7|MPSL1|PUMP-1 | F132: matrix metallopeptidase 7 | G132: protein-coding | H132: 11 | I132: 10243 | J132: FALSE | K132: -0.92545087 | L132: 5.3635778 | M132: -4.1264313 | N132: 7.238415e-05 | O132: 0.012517096 | P132: 1.4617274 | Q132: MMP7
... A148: LipVsTongue(Stroma) | B148: ENSG00000113721 | C148: 5159 | D148: PDGFRB | E148: CD140B|IBGC4|IMF1|JTK12|KOGS|PDGFR|PDGFR-1|PDGFR1|PENTT | F148: platelet derived growth factor receptor beta | G148: protein-coding | H148: 5 | I148: 42034 | J148: FALSE | K148: -0.76252897 | L148: 5.5846839 | M148: -4.0477317 | N148: 9.4744104e-05 | O148: 0.014208712 | P148: 1.2127847 | Q148: PDGFRB
A149: LipVsTongue(Stroma) | B149: ENSG00000101825 | C149: 25878 | D149: MXRA5 | E149: - | F149: matrix remodeling associated 5 | G149: protein-coding | H149: X | I149: 38088 | J149: FALSE | K149: -1.3783577 | L149: 5.5297447 | M149: -4.0576682 | N149: 9.5241335e-05 | O149: 0.014208712 | P149: 1.220268 | Q149: MXRA5
A150: LipVsTongue(Stroma) | B150: ENSG00000172638 | C150: 30008 | D150: EFEMP2 | E150: ARCL1B|FBLN4|MBP1|UPH1 | F150: EGF containing fibulin extracellular matrix protein 2 | G150: protein-coding | H150: 11 | I150: 7152 | J150: FALSE | K150: -0.72384002 | L150: 5.7280693 | M150: -4.0404678 | N150: 9.5860873e-05 | O150: 0.014208712 | P150: 1.205961 | Q150: EFEMP2
A151: LipVsTongue(Stroma) | B151: ENSG00000181036 | C151: 343413 | D151: FCRL6 | E151: FcRH6 | F151: Fc receptor like 6 | G151: protein-coding | H151: 1 | I151: 15747 | J151: FALSE | K151: 0.4437446 | L151: 5.5037031 | M151: 4.0337854 | N151: 9.6625912e-05 | O151: 0.014209335 | P151: 1.1903707 | Q151: FCRL6
A152: LipVsTongue(Stroma) | B152: ENSG00000106823 | C152: 1842 | D152: ECM2 | E152: - | F152: extracellular matrix protein 2 | G152: protein-coding | H152: 9 | I152: 43102 | J152: FALSE | K152: -0.6645994 | L152: 4.2432282 | M152: -4.0323314 | N152: 0.00010130681 | O152: 0.01466479 | P152: 1.0944439 | Q152: ECM2
A153: LipVsTongue(Stroma) | B153: ENSG00000181847 | C153: 201633 | D153: TIGIT | E153: VSIG9|VSTM3|WUCAM | F153: T cell immunoreceptor with Ig and ITIM domains | G153: protein-coding | H153: 3 | I153: 33376 | J153: FALSE | K153: 0.51322946 | L153: 5.4430899 | M153: 4.0194681 | N153: 0.00010194806 | O153: 0.01466479 | P153: 1.1399708 | Q153: TIGIT
A154: LipVsTongue(Stroma) | B154: ENSG00000106624 | C154: 165 | D154: AEBP1 | E154: ACLP | F154: AE binding protein 1 | G154: protein-coding | H154: 7 | I154: 10218 | J154: FALSE | K154: -1.3412837 | L154: 6.3534449 | M154: -4.0380522 | N154: 0.00010207875 | O154: 0.01466479 | P154: 1.1579566 | Q154: AEBP1
A155: LipVsTongue(Stroma) | B155: ENSG00000162745 | C155: 25903 | D155: OLFML2B | E155: - | F155: olfactomedin like 2B | G155: protein-coding | H155: 1 | I155: 40678 | J155: FALSE | K155: -0.8546733 | L155: 5.6882944 | M155: -4.0199565 | N155: 0.00010655691 | O155: 0.015191274 | P155: 1.1151785 | Q155: OLFML2B
A156: LipVsTongue(Stroma) | B156: ENSG00000164283 | C156: 11082 | D156: ESM1 | E156: endocan | F156: endothelial cell specific molecule 1 | G156: protein-coding | H156: 5 | I156: 44805 | J156: FALSE | K156: -0.67753 | L156: 4.8203111 | M156: -4.0157484 | N156: 0.00010756114 | O156: 0.015218272 | P156: 1.0525343 | Q156: ESM1
A157: LipVsTongue(Stroma) | B157: ENSG00000091986 | C157: 151887 | D157: CCDC80 | E157: CL2|DRO1|LINC01279|SSG1|URB|okuribin | F157: coiled-coil domain containing 80 | G157: protein-coding | H157: 3 | I157: 52734 | J157: FALSE | K157: -0.9273599 | L157: 5.1815351 | M157: -4.0113798 | N157: 0.00011208332 | O157: 0.015738858 | P157: 1.0506183 | Q157: CCDC80
A158: LipVsTongue(Stroma) | B158: ENSG00000106178 | C158: 6369 | D158: CCL24 | E158: Ckb-6|MPIF-2|MPIF2|SCYA24 | F158: C-C motif chemokine ligand 24 | G158: protein-coding | H158: 7 | I158: 12532 | J158: FALSE | K158: 0.4903096 | L158: 5.3149505 | M158: 3.9895913 | N158: 0.00011397018 | O158: 0.015884382 | P158: 1.0340759 | Q158: CCL24
A159: LipVsTongue(Stroma) | B159: ENSG00000106538 | C159: 5919 | D159: RARRES2 | E159: HP10433|TIG2 | F159: retinoic acid receptor responder 2 | G159: protein-coding | H159: 7 | I159: 3346 | J159: FALSE | K159: -0.82061524 | L159: 5.1667335 | M159: -3.9955141 | N159: 0.00011773919 | O159: 0.016288127 | P159: 1.0011478 | Q159: RARRES2
A160: LipVsTongue(Stroma) | B160: ENSG00000170921 | C160: 26115 | D160: TANC2 | E160: IDDALDS|ROLSA|rols | F160: tetratricopeptide repeat, ankyrin repeat and coiled-coil containing 2 | G160: protein-coding | H160: 17 | I160: 461469 | J160: FALSE | K160: -0.60357357 | L160: 4.8322563 | M160: -3.9812433 | N160: 0.00011869408 | O160: 0.01629949 | P160: 0.97933165 | Q160: TANC2
A161: LipVsTongue(Stroma) | B161: ENSG00000127252 | C161: 57110 | D161: PLAAT1 | E161: A-C1|H-REV107|HRASLS|HRASLS1|HRSL1|HSD28|PLA/AT1|PLAAT-1 | F161: phospholipase A and acyltransferase 1 | G161: protein-coding | H161: 3 | I161: 36611 | J161: FALSE | K161: 0.42999133 | L161: 4.6807495 | M161: 3.9751496 | N161: 0.00012025575 | O161: 0.016393404 | P161: 0.95024226 | Q161: PLAAT1
... A215: LipVsTongue(Stroma) | B215: ENSG00000112818 | C215: 4224 | D215: MEP1A | E215: PPHA | F215: meprin A subunit alpha | G215: protein-coding | H215: 6 | I215: 46390 | J215: FALSE | K215: -0.41670749 | L215: 4.5870865 | M215: -3.7487977 | N215: 0.00027416888 | O215: 0.026808262 | P215: 0.18744009 | Q215: MEP1A
A216: LipVsTongue(Stroma) | B216: ENSG00000068323 | C216: 7030 | D216: TFE3 | E216: MRXSPF|RCCP2|RCCX1|TFEA|bHLHe33 | F216: transcription factor binding to IGHM enhancer 3 | G216: protein-coding | H216: X | I216: 14685 | J216: FALSE | K216: -0.45534302 | L216: 5.053409 | M216: -3.7453629 | N216: 0.00027754861 | O216: 0.026984513 | P216: 0.20623978 | Q216: TFE3
A217: LipVsTongue(Stroma) | B217: ENSG00000096996 | C217: 3594 | D217: IL12RB1 | E217: CD212|IL-12R-BETA1|IL12RB|IMD30 | F217: interleukin 12 receptor subunit beta 1 | G217: protein-coding | H217: 19 | I217: 39950 | J217: FALSE | K217: 0.37476675 | L217: 5.3333732 | M217: 3.7440397 | N217: 0.00027886116 | O217: 0.026984513 | P217: 0.22428289 | Q217: IL12RB1
A218: LipVsTongue(Stroma) | B218: ENSG00000183010 | C218: 5831 | D218: PYCR1 | E218: ARCL2B|ARCL3B|P5C|P5CR|PIG45|PP222|PRO3|PYCR | F218: pyrroline-5-carboxylate reductase 1 | G218: protein-coding | H218: 17 | I218: 10029 | J218: FALSE | K218: -0.49377857 | L218: 5.276345 | M218: -3.7371649 | N218: 0.00028577571 | O218: 0.027511068 | P218: 0.19342426 | Q218: PYCR1
A219: LipVsTongue(Stroma) | B219: ENSG00000117519 | C219: 1266 | D219: CNN3 | E219: - | F219: calponin 3 | G219: protein-coding | H219: 1 | I219: 30275 | J219: FALSE | K219: -0.94258955 | L219: 6.1480469 | M219: -3.7438144 | N219: 0.00029022881 | O219: 0.027796478 | P219: 0.23797462 | Q219: CNN3
A220: LipVsTongue(Stroma) | B220: ENSG00000166068 | C220: 161742 | D220: SPRED1 | E220: LGSS|NFLS|PPP1R147|hSpred1|spred-1 | F220: sprouty related EVH1 domain containing 1 | G220: protein-coding | H220: 15 | I220: 104414 | J220: FALSE | K220: -0.65111147 | L220: 5.6887349 | M220: -3.7338746 | N220: 0.00029173775 | O220: 0.02779844 | P220: 0.20696408 | Q220: SPRED1
A221: LipVsTongue(Stroma) | B221: ENSG00000158747 | C221: 4681 | D221: NBL1 | E221: D1S1733E|DAN|DAND1|NB|NO3 | F221: NBL1, DAN family BMP antagonist | G221: protein-coding | H221: 1 | I221: 61478 | J221: FALSE | K221: -1.0293326 | L221: 7.4454796 | M221: -3.7331508 | N221: 0.00029374783 | O221: 0.02784789 | P221: 0.16132685 | Q221: NBL1
A222: LipVsTongue(Stroma) | B222: ENSG00000007908 | C222: 6401 | D222: SELE | E222: CD62E|ELAM|ELAM1|ESEL|LECAM2|selectin-e | F222: selectin E | G222: protein-coding | H222: 1 | I222: 42066 | J222: FALSE | K222: 0.70969524 | L222: 4.9540737 | M222: 3.7381568 | N222: 0.00029632882 | O222: 0.027950692 | P222: 0.14760011 | Q222: SELE
...

Sheet Table 06 IPA-WTA Common DEGs
A1: Table 6: Common differential expressed features for matching comparisons between IPA and WTA assays. The detailed statistics from both DE analyses for the same contrast. Columns with suffix x are statistics from WTA analysis while columns with suffix y are those from the IPA analysis.
A2: contrast | B2: external_gene_name | C2: logFC.x | D2: AveExpr.x | E2: P.Value.x | F2: adj.P.Val.x | G2: logFC.y | H2: AveExpr.y | I2: P.Value.y | J2: adj.P.Val.y | K2: protein name
A3: LipVTongue_TME | B3: ACTA2 | C3: -1.371332 | D3: 6.1072782 | E3: 1.6146321e-07 | F3: 0.00027413517 | G3: -2.234267 | H3: 13.706514 | I3: 4.1497247e-08 | J3: 2.4068403e-05 | K3: alpha smooth muscle Actin
A4: LipVTongue_TME | B4: ITGA5 | C4: -1.4618735 | D4: 6.2379196 | E4: 2.9119157e-05 | F4: 0.0078191177 | G4: -1.3311071 | H4: 9.99048 | I4: 2.0059495e-06 | J4: 0.00038781691 | K4: Integrin alpha 5
A5: LipVTongue_TME | B5: SPP1 | C5: -2.7067021 | D5: 5.7201676 | E5: 5.888303e-08 | F5: 0.00018470169 | G5: -0.69463048 | H5: 7.4206659 | I5: 4.4112299e-06 | J5: 0.00051170267 | K5: Osteopontin
A6: LipVTongue_TME | B6: FN1 | C6: -2.8406114 | D6: 6.7882025 | E6: 1.0444394e-05 | F6: 0.0038438026 | G6: -2.2665612 | H6: 9.5031182 | I6: 6.5596521e-06 | J6: 0.00054351403 | K6: Fibronectin
A7: LipVTongue_TME | B7: POSTN | C7: -2.701403 | D7: 7.0630258 | E7: 4.2393988e-07 | F7: 0.00053094769 | G7: -1.6197548 | H7: 8.6080215 | I7: 1.6794404e-05 | J7: 0.00071648217 | K7: Periostin
A8: LipVTongue_TME | B8: COL1A1 | C8: -2.8417356 | D8: 9.6588029 | E8: 4.2727512e-05 | F8: 0.0096714734 | G8: -0.65985089 | H8: 8.2964503 | I8: 1.7037863e-05 | J8: 0.00071648217 | K8: Collagen I
A9: LipVTongue_TME | B9: THY1 | C9: -1.0583958 | D9: 6.4009274 | E9: 6.5561627e-05 | F9: 0.01188766 | G9: -0.72530835 | H9: 9.7835592 | I9: 0.00062503651 | J9: 0.0086314565 | K9: CD90 / Thy1
A10: LipVTongue_TME | B10: MMP14 | C10: -1.4829499 | D10: 7.2218592 | E10: 0.00062034103 | F10: 0.044146869 | G10: -0.50484338 | H10: 10.766172 | I10: 0.0018854171 | J10: 0.018516328 | K10: MMP14
A11: LipVTongue_Tumour | B11: SOX9 | C11: -0.78736009 | D11: 5.4491133 | E11: 3.4236847e-05 | F11: 0.033433363 | G11: -0.68621966 | H11: 7.8585351 | I11: 3.3300362e-05 | J11: 0.0010730117 | K11: SOX9
A12: PharynxVTongue_TME | B12: SPP1 | C12: -1.8531682 | D12: 5.7201676 | E12: 9.4970296e-06 | F12: 0.021670149 | G12: -0.61886506 | H12: 7.4206659 | I12: 6.2582025e-07 | J12: 4.5371968e-05 | K12: Osteopontin
A13: PharynxVTongue_TME | B13: IL12RB1 | C13: 0.35739869 | D13: 5.3333732 | E13: 4.4398391e-05 | F13: 0.04472545 | G13: -0.18418654 | H13: 8.8299052 | I13: 0.0057873429 | J13: 0.02174788 | K13: IL-12RB1
A14: PharynxVTongue_Tumour | B14: STAT3 | C14: 0.60342642 | D14: 6.7333106 | E14: 3.2594749e-05 | F14: 0.014466796 | G14: 0.41545711 | H14: 8.3133418 | I14: 8.2089252e-06 | J14: 0.00020700768 | K14: STAT3 (phospho Y705)
... A70: OS_GvP_Tumour | B70: LDHB | C70: -1.3978644 | D70: 7.2459276 | E70: 0.00062168816 | F70: 0.016494023 | G70: -0.43648044 | H70: 10.588991 | I70: 0.018503186 | J70: 0.047276862 | K70: Lactate Dehydrogenase

Sheet Table 07 cell prop DE
A1: Table 7: Cell type proportion DE using propeller. Summary statistics from comparing differences between cell type proportions. Cell type proportions obtained from cell type deconvolution using kursten et al single cell data as reference. No significant differences were obtained when considering a FDR < 0.05.
A4: Comparison | B4: cell type | C4: PropMean.Lip | D4: PropMean.Tongue | E4: PropRatio | F4: Tstatistic | G4: P.Value | H4: FDR
A5: Lip vs Tongue Stroma | B5: Fibroblast | C5: 0.13449518 | D5: 0.28730634 | E5: 0.46812466 | F5: -2.6521087 | G5: 0.010292056 | H5: 0.13379673
A6: Lip vs Tongue Stroma | B6: Mast | C6: 0.010896474 | D6: 0.0038061644 | E6: 2.8628489 | F6: 2.325704 | G6: 0.023531628 | H6: 0.15295558
A7: Lip vs Tongue Stroma | B7: Macrophage | C7: 0.079026966 | D7: 0.10513541 | E7: 0.75166844 | F7: -1.3266801 | G7: 0.18979888 | H7: 0.5242727
A8: Lip vs Tongue Stroma | B8: Dendritic | C8: 0.015017525 | D8: 0.0078059299 | E8: 1.9238611 | F8: 1.3227668 | G8: 0.19107946 | H8: 0.5242727
A9: Lip vs Tongue Stroma | B9: Lymphovascular | C9: 0.0016954954 | D9: 0.028670034 | E9: 0.059138241 | F9: -1.204791 | G9: 0.23316242 | H9: 0.5242727
A10: Lip vs Tongue Stroma | B10: Plasma | C10: 0.49676456 | D10: 0.36946002 | E10: 1.3445692 | F10: 1.1128011 | G10: 0.27037106 | H10: 0.5242727
A11: Lip vs Tongue Stroma | B11: B_cell | C11: 0.0037327043 | D11: 0.0089969625 | E11: 0.41488495 | F11: -1.0852013 | G11: 0.28230069 | H11: 0.5242727
A12: Lip vs Tongue Stroma | B12: Schwann | C12: 0.0011826166 | D12: 0.00019148993 | E12: 6.1758685 | F12: 0.89258036 | G12: 0.37574917 | H12: 0.61059241
A13: Lip vs Tongue Stroma | B13: Myocyte | C13: 0.0017318227 | D13: 8.97425e-05 | E13: 19.297688 | F13: 0.73767841 | G13: 0.46366691 | H13: 0.66974109
A14: Lip vs Tongue Stroma | B14: T_cell | C14: 0.084067493 | D14: 0.06447257 | E14: 1.3039265 | F14: 0.53977122 | G14: 0.59141505 | H14: 0.76883957
A15: Lip vs Tongue Stroma | B15: Endothelial | C15: 0.079061302 | D15: 0.075907725 | E15: 1.0415449 | F15: -0.31541919 | G15: 0.75357213 | H15: 0.82916723
A16: Lip vs Tongue Stroma | B16: Epithelial | C16: 0.00065043972 | D16: 0.0013905512 | E16: 0.46775675 | F16: -0.22441235 | G16: 0.82322062 | H16: 0.82916723
... A35: Lip vs Oral Cavity Stroma | B35: Epithelial | C35: 0.00065043972 | D35: 0.0027446587 | E35: 0.23698383 | F35: -0.94921843 | G35: 0.34642545 | H35: 0.66187466
A36: Lip vs Oral Cavity Stroma | B36: Myocyte | C36: 0.0017318227 | D36: 0 | E36: #NUM! | F36: 0.89681882 | G36: 0.37350174 | H36: 0.66187466
A37: Lip vs Oral Cavity Stroma | B37: Malignant | C37: 0.091677425 | D37: 0.12308487 | E37: 0.74483097 | F37: -0.85292426 | G37: 0.3971994 | H37: 0.66187466
A38: Lip vs Oral Cavity Stroma | B38: B_cell | C38: 0.0037327043 | D38: 0.0087643613 | E38: 0.42589576 | F38: -0.83467745 | G38: 0.40730748 | H38: 0.66187466
A39: Lip vs Oral Cavity Stroma | B39: Lymphovascular | C39: 0.0016954954 | D39: 0.0099731259 | E39: 0.17000642 | F39: -0.63297742 | G39: 0.52922883 | H39: 0.76444164
A40: Lip vs Oral Cavity Stroma | B40: Fibroblast | C40: 0.13449518 | D40: 0.17037491 | E40: 0.7894072 | F40: -0.42369643 | G40: 0.67334973 | H40: 0.80854871
A41: Lip vs Oral Cavity Stroma | B41: Dendritic | C41: 0.015017525 | D41: 0.01998775 | E41: 0.75133643 | F41: -0.4088384 | G41: 0.6841566 | H41: 0.80854871
A42: Lip vs Oral Cavity Stroma | B42: Endothelial | C42: 0.079061302 | D42: 0.077459728 | E42: 1.0206762 | F42: 0.28405356 | G42: 0.77737792 | H42: 0.84215941
A43: Lip vs Oral Cavity Stroma | B43: T_cell | C43: 0.084067493 | D43: 0.094561979 | E43: 0.88902003 | F43: 0.007067162 | G43: 0.99438545 | H43: 0.99438545
A44: Lip vs Pharynx Stroma | B44: Mast | C44: 0.010896474 | D44: 0.0041591749 | E44: 2.6198642 | F44: 2.4084635 | G44: 0.019199221 | H44: 0.24958987
A45: Lip vs Pharynx Stroma | B45: T_cell | C45: 0.084067493 | D45: 0.05385672 | E45: 1.5609471 | F45: 1.4544111 | G45: 0.15120679 | H45: 0.86180876
A46: Lip vs Pharynx Stroma | B46: Fibroblast | C46: 0.13449518 | D46: 0.21057149 | E46: 0.63871505 | F46: -1.2995576 | G46: 0.19887894 | H46: 0.86180876
A47: Lip vs Pharynx Stroma | B47: Schwann | C47: 0.0011826166 | D47: 0.00015410568 | E47: 7.6740622 | F47: 1.0761483 | G47: 0.28629142 | H47: 0.90771612
A48: Lip vs Pharynx Stroma | B48: Dendritic | C48: 0.015017525 | D48: 0.0092179689 | E48: 1.6291577 | F48: 0.81353459 | G48: 0.41922265 | H48: 0.90771612
... A139: Lip vs Oral Cavity Tumour | B139: Epithelial | C139: 0.00065043972 | D139: 0.0027446587 | E139: 0.23698383 | F139: -0.94921843 | G139: 0.34642545 | H139: 0.66187466
A140: Lip vs Oral Cavity Tumour | B140: Myocyte | C140: 0.0017318227 | D140: 0 | E140: #NUM! | F140: 0.89681882 | G140: 0.37350174 | H140: 0.66187466
A141: Lip vs Oral Cavity Tumour | B141: Malignant | C141: 0.091677425 | D141: 0.12308487 | E141: 0.74483097 | F141: -0.85292426 | G141: 0.3971994 | H141: 0.66187466
A142: Lip vs Oral Cavity Tumour | B142: B_cell | C142: 0.0037327043 | D142: 0.0087643613 | E142: 0.42589576 | F142: -0.83467745 | G142: 0.40730748 | H142: 0.66187466
A143: Lip vs Oral Cavity Tumour | B143: Lymphovascular | C143: 0.0016954954 | D143: 0.0099731259 | E143: 0.17000642 | F143: -0.63297742 | G143: 0.52922883 | H143: 0.76444164
A144: Lip vs Oral Cavity Tumour | B144: Fibroblast | C144: 0.13449518 | D144: 0.17037491 | E144: 0.7894072 | F144: -0.42369643 | G144: 0.67334973 | H144: 0.80854871
A145: Lip vs Oral Cavity Tumour | B145: Dendritic | C145: 0.015017525 | D145: 0.01998775 | E145: 0.75133643 | F145: -0.4088384 | G145: 0.6841566 | H145: 0.80854871
A146: Lip vs Oral Cavity Tumour | B146: Endothelial | C146: 0.079061302 | D146: 0.077459728 | E146: 1.0206762 | F146: 0.28405356 | G146: 0.77737792 | H146: 0.84215941
A147: Lip vs Oral Cavity Tumour | B147: T_cell | C147: 0.084067493 | D147: 0.094561979 | E147: 0.88902003 | F147: 0.007067162 | G147: 0.99438545 | H147: 0.99438545
A148: Lip vs Pharynx Tumour | B148: Mast | C148: 0.010896474 | D148: 0.0041591749 | E148: 2.6198642 | F148: 2.4084635 | G148: 0.019199221 | H148: 0.24958987
A149: Lip vs Pharynx Tumour | B149: T_cell | C149: 0.084067493 | D149: 0.05385672 | E149: 1.5609471 | F149: 1.4544111 | G149: 0.15120679 | H149: 0.86180876
A150: Lip vs Pharynx Tumour | B150: Fibroblast | C150: 0.13449518 | D150: 0.21057149 | E150: 0.63871505 | F150: -1.2995576 | G150: 0.19887894 | H150: 0.86180876
A151: Lip vs Pharynx Tumour | B151: Schwann | C151: 0.0011826166 | D151: 0.00015410568 | E151: 7.6740622 | F151: 1.0761483 | G151: 0.28629142 | H151: 0.90771612
A152: Lip vs Pharynx Tumour | B152: Dendritic | C152: 0.015017525 | D152: 0.0092179689 | E152: 1.6291577 | F152: 0.81353459 | G152: 0.41922265 | H152: 0.90771612
... A224: DFS Tumour | B224: Malignant | C224: 0.8463236 | D224: 0.83475363 | E224: 1.0138603 | F224: 0.1335098 | G224: 0.89483656 | H224: 0.96940627
A225: DFS Tumour | B225: Epithelial | C225: 0 | D225: 0 | E225: #NUM! | F225: 3.0009442e-16 | G225: 1 | H225: 1

Sheet Table 08 WTA ~features
A1: Table 8: Features identified via coxPh-KM feature association with patient survival for the WTA assay. The list of features significantly associated with patient outcomes for WTA assay. Univariate CoxPH with wald p-value < 0.01 was applied on each feature for either DFS or OS as events. Results are grouped into either hazard ratio <1 (low) or ≥ 1(high) and followed up with a Kaplan Meier survival analysis where samples are grouped into categories based on the top and bottom quantile of the feature of interest with significance defined as p value < 0.05. Features are of interest are highlighted in green.
B2: WTA CoxPh < 0.01 KM < 0.05 | C2: ~ Features
B4: =10000-COUNTBLANK(B9:B10008) -> 326 | C4: =10000-COUNTBLANK(C9:C10008) -> 368 | D4: =10000-COUNTBLANK(D9:D10008) -> 350 | E4: =10000-COUNTBLANK(E9:E10008) -> 214 | F4: =10000-COUNTBLANK(F9:F10008) -> 199 | G4: =10000-COUNTBLANK(G9:G10008) -> 342 | H4: =10000-COUNTBLANK(H9:H10008) -> 344 | I4: =10000-COUNTBLANK(I9:I10008) -> 322
B5: TME | D5: Tumour | F5: TME | H5: Tumour
B6: HR < 1 | C6: HR ≥ 1 | D6: HR < 1 | E6: HR ≥ 1 | F6: HR < 1 | G6: HR ≥ 1 | H6: HR < 1 | I6: HR ≥ 1
B7: DFS.DFSevents | F7: OS.death
B8: DFS.DFSevents.feature.HRlow.TME | C8: DFS.DFSevents.feature.HRhigh.TME | D8: DFS.DFSevents.feature.HRlow.Tumour | E8: DFS.DFSevents.feature.HRhigh.Tumour | F8: OS.death.feature.HRlow.TME | G8: OS.death.feature.HRhigh.TME | H8: OS.death.feature.HRlow.Tumour | I8: OS.death.feature.HRhigh.Tumour
B9: A2M | C9: ACTG2 | D9: ABTB1 | E9: ACD | F9: A2M | G9: ACTR2 | H9: ABTB1 | I9: ACVR1
B10: ACSL5 | C10: ACVR1 | D10: ACAT2 | E10: ACVR1 | F10: ACTA2 | G10: ACTR3 | H10: ACKR2 | I10: ADAM19
B11: ACTA2 | C11: ADAMTS4 | D11: ACKR2 | E11: ADAM15 | F11: ACTN1 | G11: ACVR1 | H11: ACSM3 | I11: ADD1
B12: ACTC1 | C12: AFAP1 | D12: ACTN1 | E12: ADRB1 | F12: ADAMTS16 | G12: ADAM10 | H12: ACTN1 | I12: AGTRAP
B13: ACTN1 | C13: AK2 | D13: ADGRG1 | E13: AGTRAP | F13: ADAMTS2 | G13: ADAMTS14 | H13: ADGRG1 | I13: AIP
B14: ACTR2 | C14: AKT3 | D14: AGBL2 | E14: AIP | F14: ADCYAP1 | G14: AIDA | H14: ADRB3 | I14: AKT1
B15: ADAMTS14 | C15: ALDOA | D15: AGRN | E15: ANO6 | F15: ADORA2A | G15: AK2 | H15: AGBL2 | I15: AMIGO2
B16: ADAMTS2 | C16: ANAPC11 | D16: AGXT | E16: ANXA5 | F16: AEBP1 | G16: ALDOA | H16: AMHR2 | I16: ANO6
B17: ADCYAP1 | C17: ANGPTL2 | D17: AKNA | E17: APIP | F17: AFMID | G17: ANAPC11 | H17: AMT | I17: ANXA5
B18: ADIG | C18: ANO6 | D18: ALDOA | E18: ARFGAP3 | F18: ALG13 | G18: ANKRD10 | H18: ANKH | I18: AP2B1
B19: ADORA2A | C19: ANXA11 | D19: AMT | E19: ARHGAP12 | F19: ANG | G19: ANO6 | H19: ANO9 | I19: APIP
... B207: OLFM3 | C207: NSMCE1 | D207: PCBP3 | E207: UBTD2 | F207: ZNF793 | G207: OSBPL1A | H207: P2RY8 | I207: PPP2R2D
B208: OR1C1 | C208: NT5DC2 | D208: PDAP1 | E208: USO1 | G208: OSBPL8 | H208: P4HA1 | I208: PPP6R3
B209: OR1J4 | C209: NUCB1 | D209: PDIA6 | E209: VCL | G209: P3H1 | H209: PABPC1 | I209: PRKACA
B210: OR2T8 | C210: NUDT21 | D210: PDLIM3 | E210: VCPIP1 | G210: PABPC1 | H210: PABPC4 | I210: PRKAR1A
B211: OR51I2 | C211: NUTF2 | D211: PDLIM7 | E211: VIRMA | G211: PAIP1 | H211: PABPC4L | I211: PRPS1
B212: OR56A3 | C212: OAF | D212: PFN1 | E212: VTI1B | G212: PAK1 | H212: PAK1 | I212: PTK2
B213: OR8B2 | C213: OAT | D213: PGLYRP2 | E213: WASHC5 | G213: PDAP1 | H213: PALLD | I213: PTOV1
B214: OR9A2 | C214: OLFML1 | D214: PLA2G4F | E214: WNT7A | G214: PDGFRB | H214: PAPOLA | I214: PTPN14
B215: OSBPL7 | C215: OLR1 | D215: PLCB2 | E215: WWC2 | G215: PDLIM5 | H215: PAQR6 | I215: RAB2A
B216: OTUD3 | C216: OSBPL1A | D216: PLEK2 | E216: YIF1A | G216: PEAK1 | H216: PARP15 | I216: RB1CC1
B217: PAF1 | C217: OSBPL8 | D217: POLR3B | E217: YIPF2 | G217: PFN1 | H217: PARPBP | I217: RBIS
B218: PALLD | C218: P3H1 | D218: PRDX5 | E218: YIPF5 | G218: PGK1 | H218: PDAP1 | I218: RBMS1
B219: PANX3 | C219: P4HA2 | D219: PRSS23 | E219: ZFPL1 | G219: PHLDB1 | H219: PDIA4 | I219: REL
... B222: PCED1B | C222: PAK1 | D222: PTCHD4 | E222: ZNHIT6 | G222: PLBD1 | H222: PDLIM7 | I222: RIPK2
B223: PDE4DIP | C223: PAPSS2 | D223: PTK2 | G223: PLEKHM2 | H223: PDPN | I223: RMDN1
B224: PDGFRB | C224: PDAP1 | D224: PYROXD1 | G224: PLIN3 | H224: PGK1 | I224: RNF139
B225: PDLIM3 | C225: PDLIM5 | D225: RACK1 | G225: PLXDC1 | H225: PGLYRP2 | I225: ROCK2
B226: PDLIM7 | C226: PEAK1 | D226: RAD54L2 | G226: PLXND1 | H226: PI16 | I226: RPL10L
B227: PEX1 | C227: PES1 | D227: RAI14 | G227: PPDPF | H227: PLA2G4D | I227: RPS27L
B228: PIGG | C228: PFN1 | D228: RALY | G228: PPP1R14A | H228: PLA2G4F | I228: RRBP1
B229: PIGO | C229: PHC2 | D229: RASGRP1 | G229: PPP1R18 | H229: PLAU | I229: RRM2B
B230: PLAC8 | C230: PHLDB1 | D230: RASSF5 | G230: PPP2CB | H230: PLCD4 | I230: RRS1
B231: PLAU | C231: PKIA | D231: REM2 | G231: PPP2R1A | H231: PLEK2 | I231: RTKN
B232: PLEKHG3 | C232: PKIG | D232: RHOB | G232: PRDX1 | H232: PLTP | I232: RTN4
B233: PLEKHH2 | C233: PKM | D233: RHOC | G233: PRKACA | H233: POLR2K | I233: RTRAF
B234: PMFBP1 | C234: PLBD1 | D234: RIPK3 | G234: PRPF40B | H234: PPP1CA | I234: SARS1
... B330: ZNF280A | C330: TMED7 | D330: TPPP | G330: UBXN6 | H330: UQCRB | I330: ZYX
B331: ZNF37A | C331: TMEM165 | D331: TRAM1 | G331: UGDH | H331: VASN
B332: ZNF558 | C332: TMEM176A | D332: TRIM71 | G332: VAMP3 | H332: VEGFD
B333: ZNF596 | C333: TMEM200A | D333: TSNAXIP1 | G333: VDAC1 | H333: VIM
B334: ZNF749 | C334: TMEM204 | D334: TSPAN16 | G334: VDAC2 | H334: VSIG1
C335: TMEM230 | D335: TXNDC17 | G335: VIM | H335: VWF
C336: TNFRSF19 | D336: UBAP2 | G336: VPS35 | H336: WFDC9
C337: TNFRSF1A | D337: ULK3 | G337: VPS41 | H337: YARS1
C338: TNKS1BP1 | D338: UQCR10 | G338: VSIG4 | H338: YBX1
C339: TNS1 | D339: VAPA | G339: WDFY1 | H339: YEATS2
C340: TNS2 | D340: VILL | G340: YBX1 | H340: YWHAZ
C341: TOM1 | D341: VIM | G341: YBX3 | H341: ZBTB34
C342: TPD52L2 | D342: VSTM2B | G342: YWHAE | H342: ZBTB40
C343: TRPS1 | D343: VWF | G343: YWHAG | H343: ZC2HC1B
C344: TSKU | D344: WRNIP1 | G344: YWHAH | H344: ZC3H12D
C345: TSPAN3 | D345: WWP1 | G345: ZFAND3 | H345: ZFP14
C346: TSPO | D346: YBX1 | G346: ZMAT3 | H346: ZFP36L2
... C350: UBE2B | D350: ZNF407 | G350: ZNHIT1 | H350: ZNF407
C351: UBE2E1 | D351: ZNF44 | H351: ZNF576
C352: UBE2V1 | D352: ZNF576 | H352: ZSCAN18
C353: UBTD2 | D353: ZNF596
C354: UBXN6 | D354: ZNF706
C355: UGDH | D355: ZNF708
C356: VDAC1 | D356: ZNF764
C357: VKORC1 | D357: ZNHIT1
C358: VPS41 | D358: ZYX
C359: VTI1B
C360: WASHC5
C361: WDR18
C362: WWTR1
C363: YTHDF3
C364: ZFP82
C365: ZFYVE26
C366: ZMAT3
C367: ZMAT5
C368: ZMYM4
C369: ZNF106
C370: ZNF148
... C376: ZNHIT1

Sheet Table 09 WTA~features statistic
A1: Table 9: Statistics for features identified via coxPh-KM feature association with patient survival for the WTA assay. The detailed statistics for the features significantly associated with patient outcomes for the WTA assay are tabulated. Along with the contrasts, gene based information, log hazard ratios (logHR), Wald p-values and 95% confidence intervals are listed for the univariate CoxPH while the p-value for the KM analysis are listed.
A2: contrast | B2: Feature | C2: Wald_P_Value | D2: logHR | E2: logHR_lower_95CI | F2: logHR_upper_95CI | G2: external_gene_name | H2: ensembl_gene_id | I2: entrezgene_id | J2: KM_pval
A3: WTA_Feature_DFS_TME_HRlow | B3: MALRD1 | C3: 0.006 | D3: -1.78 | E3: -3.045 | F3: -0.519 | G3: MALRD1 | H3: ENSG00000204740 | I3: 340895 | J3: 0.0278450814127788
A4: WTA_Feature_DFS_TME_HRlow | B4: MYL6 | C4: 0.002 | D4: 0.883 | E4: 0.315 | F4: 1.454 | G4: MYL6 | H4: ENSG00000092841 | I4: 4637 | J4: 0.00491933239065145
A5: WTA_Feature_DFS_TME_HRlow | B5: CCDC174 | C5: 0.008 | D5: -2.11 | E5: -3.661 | F5: -0.555 | G5: CCDC174 | H5: ENSG00000154781 | I5: 51244 | J5: 0.00417552490641484
A6: WTA_Feature_DFS_TME_HRlow | B6: CENPL | C6: 0.006 | D6: -1.68 | E6: -2.882 | F6: -0.486 | G6: CENPL | H6: ENSG00000120334 | I6: 91687 | J6: 0.0147530204657762
A7: WTA_Feature_DFS_TME_HRlow | B7: TKTL2 | C7: 0.007 | D7: -1.6 | E7: -2.773 | F7: -0.437 | G7: TKTL2 | H7: ENSG00000151005 | I7: 84076 | J7: 0.0318745467689026
A8: WTA_Feature_DFS_TME_HRlow | B8: GRK6 | C8: 0.006 | D8: -1.49 | E8: -2.538 | F8: -0.434 | G8: GRK6 | H8: ENSG00000198055 | I8: 2870 | J8: 0.0101737576065236
A9: WTA_Feature_DFS_TME_HRlow | B9: TPM2 | C9: 0 | D9: 0.596 | E9: 0.293 | F9: 0.9 | G9: TPM2 | H9: ENSG00000198467 | I9: 7169 | J9: 0.000854843178943011
A10: WTA_Feature_DFS_TME_HRlow | B10: SCUBE3 | C10: 0.006 | D10: -1.33 | E10: -2.273 | F10: -0.39 | G10: SCUBE3 | H10: ENSG00000146197 | I10: 222663 | J10: 0.0180261802823925
A11: WTA_Feature_DFS_TME_HRlow | B11: C12orf71 | C11: 0.001 | D11: -0.998 | E11: -1.599 | F11: -0.396 | G11: C12orf71 | H11: ENSG00000214700 | I11: 728858 | J11: 0.0173786198165096
A12: WTA_Feature_DFS_TME_HRlow | B12: VRTN | C12: 0.009 | D12: -1.68 | E12: -2.947 | F12: -0.423 | G12: VRTN | H12: ENSG00000133980 | I12: 55237 | J12: 0.0171713193822457
A13: WTA_Feature_DFS_TME_HRlow | B13: GPR37 | C13: 0.007 | D13: -0.786 | E13: -1.359 | F13: -0.214 | G13: GPR37 | H13: ENSG00000170775 | I13: 2861 | J13: 0.0182288448286379
A14: WTA_Feature_DFS_TME_HRlow | B14: TUBA1C | C14: 0.005 | D14: 0.725 | E14: 0.223 | F14: 1.23 | G14: TUBA1C | H14: ENSG00000167553 | I14: 84790 | J14: 0.00156664815719653
... A2467: WTA_Feature_OS_Tumour_HRhigh | B2467: TMCC1 | C2467: 0.004 | D2467: 1.54 | E2467: 0.482 | F2467: 2.588 | G2467: TMCC1 | H2467: ENSG00000172765 | I2467: 23023 | J2467: 0.000958020708386486

Sheet Table 10 IPAonly ~Features
A1: Table 10: Features identified exclusively in the IPA assay. The list of features significantly associated with patient outcomes for the IPA assay which is not found to be significant in the WTA assay. Features are of interest are highlighted in green.
A2: IPA | B2: 20240918A
A3: WTA | B3: 20240924A | D3: =90-COUNTBLANK(D7:D96) -> 25 | E3: =90-COUNTBLANK(E7:E96) -> 19 | F3: =90-COUNTBLANK(F7:F96) -> 39 | G3: =90-COUNTBLANK(G7:G96) -> 30 | H3: =90-COUNTBLANK(H7:H96) -> 12 | I3: =90-COUNTBLANK(I7:I96) -> 28 | J3: =90-COUNTBLANK(J7:J96) -> 37 | K3: =90-COUNTBLANK(K7:K96) -> 21
D4: Disease Free Survival | H4: Overall Survival
D5: TME | F5: Tumour | H5: TME | J5: Tumour
D6: HR < 1 | E6: HR ≥ 1 | F6: HR < 1 | G6: HR ≥ 1 | H6: HR < 1 | I6: HR ≥ 1 | J6: HR < 1 | K6: HR ≥ 1
D7: CCNE2 | E7: ADORA2A | F7: ACTA2 | G7: ATF2 | H7: CDKN1B | I7: ADORA2A | J7: ACTA2 | K7: ADORA2A
D8: CD3E | E8: ATF2 | F8: ADORA2A | G8: BIRC5 | H8: EZH2 | I8: AKT1 | J8: ALK | K8: CD36
D9: CD79A | E9: ATR | F9: BCL6 | G9: BRAF | H9: GZMA | I9: AKT3 | J9: BAD | K9: CDH2
D10: CDKN1B | E10: CD36 | F10: BID | G10: CD34 | H10: IFIT1 | I10: ALOX5 | J10: BCL6 | K10: CDK6
D11: COL1A1 | E11: CDKN1C | F11: CA9 | G11: CD36 | H11: ISG15 | I11: ATF2 | J11: BRCA1 | K11: COL1A1
D12: DUSP6 | E12: EZH2 | F12: CD3E | G12: CDH2 | H12: LCK | I12: ATR | J12: CA9 | K12: CTLA4
D13: ETS1 | E13: FANCI | F13: CD44 | G13: COL1A1 | H13: MYC | I13: BIRC3 | J13: CD28 | K13: ENO2
D14: GCG | E14: FGF2 | F14: CDKN1B | G14: CREB1 | H14: OCLN | I14: CD36 | J14: CD3E | K14: FLT1
D15: GSK3B | E15: GATA3 | F15: CRP | G15: CTLA4 | H15: PARP1 | I15: CDH2 | J15: CD44 | K15: FOXP3
D16: GZMA | E16: HRAS | F16: CXCR3 | G16: CTSK | H16: PDGFRA | I16: COL1A1 | J16: CD70 | K16: GSK3B
D17: H3C3 | E17: INS | F17: ENO2 | G17: FANCI | H17: SYK | I17: EZH2 | J17: CHEK1 | K17: HPGD
D18: IFNG | E18: KIR3DL1 | F18: EZH2 | G18: FLT1 | H18: YAP1 | I18: FANCI | J18: CXCR5 | K18: HRAS
D19: IKZF1 | E19: MYD88 | F19: F3 | G19: FOXP3 | I19: FGF2 | J19: ERBB2 | K19: IRF3
D20: IL2RA | E20: PDGFB | F20: FUT4 | G20: GSK3B | I20: FLT1 | J20: EZH2 | K20: KDR
D21: IRF5 | E21: PLCG2 | F21: GGT1 | G21: HPGD | I21: GATA3 | J21: GGT1 | K21: KIR3DL1
D22: ITGAL | E22: RPS6KA1 | F22: GNLY | G22: HRAS | I22: HRAS | J22: GNLY | K22: MAP2K1
D23: KIR2DL3 | E23: SHH | F23: GZMA | G23: INSR | I23: KIR2DL3 | J23: ICAM1 | K23: MYD88
D24: MAPK1 | E24: SPP1 | F24: HSP90AA1 | G24: IRF3 | I24: KIR3DL1 | J24: IKZF1 | K24: PLCG2
D25: MAPK14 | E25: TNFRSF10B | F25: IFNG | G25: MMP14 | I25: MMP14 | J25: IL2RG | K25: PTPRC
D26: PARP1 | F26: IL3RA | G26: MYD88 | I26: MYD88 | J26: ITGA5 | K26: RELA
D27: PCNA | F27: ITGAE | G27: PIK3CA | I27: NTRK1 | J27: ITGAE | K27: SDHA
D28: PTPRC | F28: ITGAL | G28: PLCG2 | I28: PCNA | J28: KLRC1
D29: SFRP4 | F29: KDR | G29: PPP2CA | I29: PDGFB | J29: MAPK14
D30: WNT3A | F30: KIT | G30: PTPRC | I30: RPS6KA1 | J30: MAPK9
D31: ZAP70 | F31: KLRC1 | G31: RHOA | I31: SHH | J31: MDM2
F32: LCK | G32: ROCK2 | I32: SPP1 | J32: MYB
F33: MAPK14 | G33: RPS6KA1 | I33: TNFRSF10B | J33: PARP1
F34: MMP3 | G34: STAT6 | I34: TP63 | J34: PRAME
F35: PARP1 | G35: TBK1 | J35: PTPRC
F36: PRAME | G36: TOP2A | J36: RB1
F37: PTPRC | J37: SFRP1
F38: RELA | J38: SHH
F39: S100A4 | J39: STAT3
F40: SDHA | J40: SYK
F41: SFRP1 | J41: TOP2A
F42: SHH | J42: WEE1
F43: TOP2A | J43: YAP1
F44: TP73
F45: YAP1
